 Dungeon Crawl Stone Soup version 0.22.2-1-ge965b3a (webtiles) character file.

14821064 Nebukadnezar the Axe Maniac (level 27, 235/235 HPs)
             Began as a Gnoll Artificer on May 15, 2019.
             Was an Initiate of Gozag.
             Escaped with the Orb
             ... and 15 runes on May 16, 2019!
             The game lasted 19:52:31 (106464 turns).

Nebukadnezar the Axe Maniac (Gnoll Artificer)     Turns: 106464, Time: 19:52:32

Health: 235/235    AC: 34    Str: 27    XL:     27
Magic:  59/59      EV: 27    Int: 24    God:    Gozag
Gold:   12272      SH: 27    Dex: 19    Spells: 6/72 levels left

rFire    + + .     SeeInvis +   a - +9 eudemon blade (holy)
rCold    + + .     Gourm    .   l - +4 shield of Vlad {+Inv}
rNeg     + + .     Faith    .   P - +1 chain mail "Amnem" {rC+ rCorr Dex+3 SInv}
rPois    +         Spirit   .   T - +3 crown of Dyrovepreva {rElec Int+2 SInv}
rElec    +         Reflect  .   v - +2 cloak "Faty" {MR+ Str+3}
rCorr    +         Harm     .   W - +2 pair of gloves {Str+3}
MR       ++++.                  n - +2 pair of boots {Stlth+}
Stlth    +++.......             O - amulet "Naogior" {Regen+ Stlth+}
HPRegen  0.89/turn              y - ring of Doochovaha {rPois rF+ rN+ MR+ Int+2}
MPRegen  0.36/turn              t - ring "Wankuink" {+Blink rPois rF+ rN+ MP+9}

@: gold aura, studying Shields, bribing [the Dungeon, the Vestibule of Hell, the
Iron City of Dis, Gehenna, Cocytus, Tartarus, the Realm of Zot, the Depths],
deflect missiles
A: distributed training, fangs 1, large bone plates 1, thin metallic scales 1,
cold resistance 1, strong nose
0: Orb of Zot
}: 15/15 runes: decaying, serpentine, slimy, silver, golden, iron, obsidian,
icy, bone, abyssal, demonic, glowing, magical, fiery, dark
a: Potion Petition, Call Merchant, Bribe Branch, Renounce Religion, Evoke Blink,
Evoke Invisibility


You escaped.
You worshipped Gozag.
Gozag was extremely pleased with you.
You were very full.

You visited 18 branches of the dungeon, and saw 90 of its levels.
You visited Pandemonium 2 times, and saw 17 of its levels.
You visited the Abyss 2 times.
You visited 1 bazaar.
You visited 1 ziggurat, and saw 16 of its levels.
You also visited: Labyrinth, Sewer, Ossuary and Ice Cave.

You collected 60923 gold pieces.
You spent 17698 gold pieces at shops.
You paid 30953 gold pieces to Gozag.

Inventory:

Hand Weapons
 a - a +9 eudemon blade of holy wrath (weapon)
 b - a +5 broad axe of chopping
 X - a +6 blowgun
Missiles
 h - 2 needles of paralysis
 m - 17 javelins of returning (quivered)
 u - 17 needles of confusion
 R - 5 throwing nets
Armour
 l - the +4 shield of Vlad (worn) {+Inv}
   (You found it on level 4 of the Vaults)

   It lets you turn invisible.
 n - a +2 pair of boots of stealth (worn)
 v - the +2 cloak "Faty" (worn) {MR+ Str+3}
   (You found it on level 3 of the Depths)

   It affects your strength (+3).
   It affects your resistance to hostile enchantments.
 P - the +1 chain mail "Amnem" (worn) {rC+ rCorr Dex+3 SInv}
   (You bought it in a shop on level 1 of the Lair of Beasts)

   It affects your dexterity (+3).
   It protects you from cold.
   It lets you see invisible.
   It provides partial protection from all sources of acid and corrosion.
 T - the +3 crown of Dyrovepreva (worn) {rElec Int+2 SInv}
   (You found it on level 4 of the Depths)

   It affects your intelligence (+2).
   It insulates you from electricity.
   It lets you see invisible.
 W - a +2 pair of gloves of strength (worn)
Magical Staves
 e - an uncursed staff of wizardry
Jewellery
 i - the ring "Xowih" {rN+ MR+ Int+5}
   (You found it on level 3 of the Crypt)

   [ring of positive energy]

   It affects your intelligence (+5).
   It protects you from negative energy.
   It affects your resistance to hostile enchantments.
 s - the ring of Xemn {rC++ rN+}
   (You found it on level 3 of the Crypt)

   [ring of positive energy]

   It greatly protects you from cold.
   It protects you from negative energy.
 t - the ring "Wankuink" (right hand) {+Blink rPois rF+ rN+ MP+9}
   (You bought it in a shop on level 1 of the Lair of Beasts)

   [ring of magical power]

   It protects you from fire.
   It protects you from poison.
   It protects you from negative energy.
   It affects your magic capacity (+9).
   It lets you blink.
 y - the ring of Doochovaha (left hand) {rPois rF+ rN+ MR+ Int+2}
   (You bought it in a shop on level 2 of the Snake Pit)

   [ring of protection from magic]

   It affects your intelligence (+2).
   It protects you from fire.
   It protects you from poison.
   It protects you from negative energy.
   It affects your resistance to hostile enchantments.
 A - an uncursed amulet of harm {unknown}
 O - the amulet "Naogior" (around neck) {Regen+ Stlth+}
   (You found it on level 3 of the Crypt)

   [amulet of regeneration]

   It increases your rate of regeneration.
   It makes you more stealthy.
Wands
 d - a wand of digging (41)
 g - a wand of iceblast (29)
 j - a wand of paralysis (32)
 k - a wand of clouds (4)
 G - a wand of acid (61)
Scrolls
 q - 6 scrolls of holy word
 r - 20 scrolls of teleportation
 w - 16 scrolls of blinking
 x - 2 scrolls of summoning
 C - 15 scrolls of fog
 D - 2 scrolls of identify
 L - 2 scrolls of remove curse
Potions
 o - 4 potions of brilliance
 z - 6 potions of magic
 B - a potion of agility
 I - 5 potions of ambrosia
 K - 13 potions of flight
 M - a potion of might
 N - 20 potions of curing
 Q - 5 potions of haste
 S - 20 potions of heal wounds
 V - 17 potions of mutation
 Z - 3 potions of berserk rage
Books
 H - a manual of Shields
Miscellaneous
 c - 8 phantom mirrors
 p - 3 boxes of beasts
 E - the horn of Geryon
 F - a phial of floods
 J - a figurine of a ziggurat
 U - 16 sacks of spiders
 Y - a fan of gales
Comestibles
 f - 39 rations


   Skills:
 + Level 23.3 Fighting
 + Level 23.3 Short Blades
 + Level 23.2 Long Blades
 O Level 27 Axes
 + Level 23.2 Maces & Flails
 + Level 23.2 Polearms
 + Level 23.2 Staves
 + Level 23.2 Slings
 + Level 23.2 Bows
 + Level 23.2 Crossbows
 O Level 27 Throwing
 + Level 23.2 Armour
 + Level 23.4 Dodging
 + Level 23.3 Stealth
 + Level 25.6 Shields
 + Level 23.2 Unarmed Combat
 + Level 23.2 Spellcasting
 + Level 20.2 Conjurations
 + Level 20.2 Hexes
 + Level 20.2 Charms
 + Level 20.2 Summonings
 + Level 20.2 Necromancy
 + Level 20.2 Translocations
 + Level 20.2 Transmutations
 + Level 20.2 Fire Magic
 + Level 20.2 Ice Magic
 + Level 20.2 Air Magic
 + Level 20.2 Earth Magic
 + Level 20.2 Poison Magic
 + Level 24.8 Invocations
 + Level 23.7 Evocations


You had 6 spell levels left.
You knew the following spells:

 Your Spells              Type           Power        Failure   Level  Hunger
a - Apportation           Tloc           ######       0%          1    None
b - Blink                 Tloc           N/A          0%          2    None
c - Passwall              Tmut/Erth      #######.     0%          2    None
d - Summon Lightning Spi  Summ/Air       #######.     0%          4    None
e - Statue Form           Tmut/Erth      #######..    1%          6    None
f - Shatter               Erth           #######...   65%         9    #######
g - Aura of Abjuration    Summ           #######...   1%          5    None
h - Portal Projectile     Hex/Tloc       ######       0%          3    None
i - Regeneration          Chrm/Necr      #######...   0%          3    None
j - Deflect Missiles      Chrm/Air       #######...   1%          6    None
l - Passage of Golubria   Tloc           N/A          0%          4    None
m - Ignition              Fire           #######...   5%          8    #####..
n - Infestation           Necr           #######...   5%          8    #####..
o - Borgnjor's Vile Clut  Necr/Erth      #######...   1%          5    None

Your spell library contained the following spells:

 Spells                   Type           Power        Failure   Level  Hunger
 Animate Skeleton         Necr           N/A          0%          1    None
 Beastly Appendage        Tmut           ######       0%          1    None
 Confusing Touch          Hex            ######       0%          1    None
 Corona                   Hex            #######      0%          1    None
 Flame Tongue             Conj/Fire      #####        0%          1    None
 Infusion                 Chrm           ####         0%          1    None
 Magic Dart               Conj           ####         0%          1    None
 Pain                     Necr           ####         0%          1    None
 Sandblast                Erth           ######       0%          1    None
 Shock                    Conj/Air       ####         0%          1    None
 Sting                    Conj/Pois      ####         0%          1    None
 Summon Butterflies       Summ           #######.     0%          1    None
 Summon Small Mammal      Summ           ####         0%          1    None
 Call Imp                 Summ           #######.     0%          2    None
 Corpse Rot               Necr           N/A          0%          2    None
 Ensorcelled Hibernation  Hex/Ice        ######       0%          2    None
 Poisonous Vapours        Pois/Air       ######       0%          2    None
 Searing Ray              Conj           ######       0%          2    None
 Shroud of Golubria       Chrm/Tloc      #######...   0%          2    None
 Slow                     Hex            #######.     0%          2    None
 Song of Slaying          Chrm           #######.     0%          2    None
 Sticks to Snakes         Tmut           #######.     0%          2    None
 Sublimation of Blood     Necr           #######...   0%          2    None
 Swiftness                Chrm/Air       #######.     0%          2    None
 Throw Flame              Conj/Fire      ######       0%          2    None
 Call Canine Familiar     Summ           #######.     0%          3    None
 Confuse                  Hex            #######.     0%          3    None
 Conjure Flame            Conj/Fire      #######.     0%          3    None
 Dazzling Spray           Conj/Hex       ######       0%          3    None
 Gell's Gravitas          Tloc           #######...   0%          3    None
 Ignite Poison            Fire/Tmut/Pois #######.     0%          3    None
 Inner Flame              Hex/Fire       #######.     0%          3    None
 Lesser Beckoning         Tloc           #######...   0%          3    None
 Mephitic Cloud           Conj/Pois/Air  #######.     0%          3    None
 Recall                   Summ/Tloc      N/A          0%          3    None
 Spectral Weapon          Hex/Chrm       #######.     0%          3    None
 Spider Form              Tmut/Pois      #######...   0%          3    None
 Static Discharge         Conj/Air       #######.     0%          3    None
 Stone Arrow              Conj/Erth      ######       0%          3    None
 Summon Guardian Golem    Hex/Summ       #######.     0%          3    None
 Teleport Other           Tloc           #######.     0%          3    None
 Tukima's Dance           Hex            #######.     0%          3    None
 Vampiric Draining        Necr           #######...   0%          3    None
 Airstrike                Air            #######...   0%          4    None
 Animate Dead             Necr           N/A          0%          4    None
 Cause Fear               Hex            #######...   0%          4    None
 Force Lance              Conj/Tloc      #######.     0%          4    None
 Fulminant Prism          Conj/Hex       #######...   0%          4    None
 Ice Form                 Ice/Tmut       #######.     0%          4    None
 Iskenderun's Mystic Bla  Conj           #######.     0%          4    None
 Leda's Liquefaction      Hex/Erth       #######...   0%          4    None
 Olgreb's Toxic Radiance  Pois           #######.     0%          4    None
 Petrify                  Tmut/Erth      #######.     0%          4    None
 Sticky Flame             Conj/Fire      #######.     0%          4    None
 Summon Ice Beast         Ice/Summ       #######.     0%          4    None
 Throw Icicle             Conj/Ice       #######.     0%          4    None
 Agony                    Necr           #######.     1%          5    None
 Alistair's Intoxication  Tmut/Pois      #######.     1%          5    None
 Blade Hands              Tmut           #######...   1%          5    None
 Bolt of Magma            Conj/Fire/Erth #######...   1%          5    None
 Excruciating Wounds      Chrm/Necr      #######...   1%          5    None
 Fireball                 Conj/Fire      #######...   1%          5    None
 Irradiate                Conj/Tmut      #######...   1%          5    None
 Iskenderun's Battlesphe  Conj/Chrm      #######.     1%          5    None
 Lee's Rapid Deconstruct  Erth           #######...   1%          5    None
 Lightning Bolt           Conj/Air       #######...   1%          5    None
 Metabolic Englaciation   Hex/Ice        #######...   1%          5    None
 Silence                  Hex/Air        #######...   1%          5    None
 Summon Demon             Summ           #######...   1%          5    None
 Summon Forest            Summ/Tloc      #######...   1%          5    None
 Summon Mana Viper        Hex/Summ       #######.     1%          5    None
 Venom Bolt               Conj/Pois      #######...   1%          5    None
 Yara's Violent Unravell  Hex/Tmut       #######...   1%          5    None
 Bolt of Fire             Conj/Fire      #######...   1%          6    None
 Darkness                 Hex            #######...   1%          6    None
 Death Channel            Necr           #######...   1%          6    None
 Dispersal                Tloc           #######...   1%          6    None
 Freezing Cloud           Conj/Ice/Air   #######...   1%          6    None
 Hydra Form               Tmut           #######...   1%          6    None
 Invisibility             Hex            #######.     1%          6    None
 Iron Shot                Conj/Erth      #######...   1%          6    None
 Shadow Creatures         Summ           N/A          1%          6    None
 Simulacrum               Ice/Necr       #######...   1%          6    None
 Dragon Form              Tmut           #######...   1%          7    ####...
 Haunt                    Necr/Summ      #######...   1%          7    ####...
 Malign Gateway           Summ/Tloc      #######...   1%          7    ####...
 Monstrous Menagerie      Summ           #######...   1%          7    ####...
 Orb of Destruction       Conj           #######...   1%          7    ####...
 Ring of Flames           Chrm/Fire      #######...   1%          7    ####...
 Spellforged Servitor     Conj/Summ      #######...   1%          7    ####...
 Summon Greater Demon     Summ           #######...   1%          7    ####...
 Summon Hydra             Summ           #######...   1%          7    ####...
 Borgnjor's Revivificati  Necr           #######...   5%          8    #####..
 Controlled Blink         Tloc           N/A          5%          8    #####..
 Death's Door             Chrm/Necr      #######...   5%          8    #####..
 Discord                  Hex            #######...   5%          8    #####..
 Disjunction              Tloc           #######...   5%          8    #####..
 Necromutation            Tmut/Necr      #######...   5%          8    #####..
 Summon Horrible Things   Summ           #######...   5%          8    #####..
 Dragon's Call            Summ           #######...   65%         9    #######


Dungeon Overview and Level Annotations

Branches:
Dungeon (15/15)            Temple (1/1) D:7            Lair (6/6) D:9
  Swamp (4/4) Lair:3        Snake (4/4) Lair:2        Slime (5/5) Lair:6
    Orc (2/2) D:10            Elf (3/3) Orc:2        Vaults (5/5) D:14
  Crypt (3/3) Vaults:2       Tomb (3/3) Crypt:3      Depths (5/5) D:15
   Hell (1/1)                 Dis (7/7) Hell            Geh (7/7) Hell
    Coc (7/7) Hell            Tar (7/7) Hell            Zot (5/5) Depths:5

Altars:
Cheibriados
Dithmenos
Fedhas
Gozag
Hepliaklqana
Kikubaaqudgha
Makhleb
Okawaru
Qazlal
Ru
Sif Muna
Trog
Uskayaw
Vehumet
Wu Jian
Xom
Zin
Beogh
Jiyva

Shops:
D:6 (   D:13 *   Orc:1 [   Orc:2 }!:}   Elf:2 (   Elf:3 :*[   Lair:1 ?[=
Snake:2 =}}   Snake:3 *   Vaults:1 *   Hell ?:

Portals:
Hell: Depths:1 Depths:2 Depths:3 Depths:4 Depths:5
Abyss: Depths:4
Pandemonium: Depths:3


Innate Abilities, Weirdness & Mutations

Your experience applies equally to all skills.
You have very sharp teeth.
Your uncanny sense of smell can sniff out nearby items.
You are partially covered in large bone plates. (SH +4)
You are partially covered in thin metallic scales. (AC +2)
Your flesh is cold resistant. (rC+)


Message History

There is a stone staircase leading up here.
You climb upwards.
A shadow demon comes into view.
There is a stone staircase leading down, spattered with blood here.
Your shadow demon grins greedily, jangling a coin purse.
(D) Dungeon (T) Temple (L) Lair (S) Swamp (P) Snake Pit (M) Slime Pits (O) Orcish Mines (E) Elven Halls (V) Vaults (C) Crypt (W) Tomb (U) Depths (H) Hell (I) Dis (G) Gehenna (X) Cocytus (Y) Tartarus (Z) Zot
Where to? (Enter - D:1 @ (x,y), ? - help)
There is an escape hatch in the ceiling here.
A mysterious force pulls you upwards. The hatch slams shut behind you.
A shadow imp comes into view.
You block the shadow imp's attack.
You slash the shadow imp!
The shadow imp convulses!
You kill the shadow imp!
No target in view!
There is a staircase leading out of the dungeon here.
You have escaped!

.# ####.#####.$........## #.# )#
#...))............# #.# .##
############.############ #.# ).#
♣.......................♣ #.# ).#
♣..8..8...........8..8..♣ #.# ..#
♣...................÷...♣ #.#
..♣♣♣......)..).............♣♣♣.#
..♣♣...8..8....23.....8..8...♣♣.#
..♣♣............@............♣♣.#
..♣♣...8..8...........8..8...♣♣g#
##♣♣♣.......................♣♣♣.#
# ♣...................÷...♣ #K# #
♣..8..8...........8..8..♣ #.# #
♣.......................♣ #.# #
############.##############.. #
#........)..)....# #
##################


You could see a friendly sun demon and a friendly shadow demon.

Vanquished Creatures
  Cerebov (Pan)
  Antaeus (Coc:7)
  Asmodeus (Geh:7)
  Gloorx Vloq (Pan)
  the Royal Jelly (Slime:5)
  Lom Lobon (Pan)
  Mnoleg (Pan)
  the Serpent of Hell (Geh:7)
  Dispater (Dis:7)
  9 ancient liches
  Khufu (Crypt:1)
  Mennas (Depths:3)
  An orb of fire (Zot:5)
  The ghost of Nebukadnezar the Slayer, a legendary GnBe of Gozag (Zot:2)
  The ghost of Falatt the Hoplite, a master MiMo of Okawaru (Crypt:1)
  The ghost of Xogg the Hoplite, a master MiMo of Okawaru (Crypt:2)
  4 juggernauts
  17 greater mummies
  3 pandemonium lords
  Sojobo (Depths:5)
  8 shard shrikes
  Margery (Depths:4)
  Vashnia (Snake:4)
  A caustic shrike (Depths:2)
  2 curse toes
  Geryon (Hell)
  6 Killer Klowns
  Xtahua (Vaults:3)
  The ghost of Zaoruz the Tortoise, an adept DDFi of Makhleb (Depths:3)
  Jory (Vaults:3)
  11 golden dragons
  A profane servitor (Abyss:2)
  5 bone dragons
  Nikola (Swamp:2)
  2 doom hounds
  6 electric golems
  6 Tzitzimimeh
  7 liches
  17 Brimstone Fiends
  4 Hell Sentinels (Dis:7)
  3 iron giants (Dis:7)
  12 tentacled monstrosities
  Asterion (Elf:2)
  6 quicksilver dragons
  14 Ice Fiends
  16 Orb Guardians (Zot:5)
  A deep elf blademaster (Elf:3)
  8 titans
  15 sphinxes
  10 acid blobs
  2 deep elf master archers (Zig:12)
  8 ancient champions
  A death cob (Zot:3)
  7 tentacled starspawn
  21 Executioners (Pan)
  An eldritch tentacle (Zot:5)
  Donald (Crypt:2)
  3 thorn hunters
  8 storm dragons
  10 shadow dragons
  A daeva (Abyss:3)
  14 nagarajas
  2 azure jellies (Slime:5)
  7 revenants
  7 draconian monks
  12 tengu reavers
  9 iron dragons
  A draconian knight (Zot:2)
  20 frost giants
  2 draconian scorchers
  18 fire giants
  16 vault wardens
  13 deep elf sorcerers
  12 ghouls
  A draconian shifter (Zot:5)
  30 balrugs
  12 cacodemons
  A warmonger (Pan)
  3 black suns (Pan)
  An orc warlord (Zig:7)
  5 curse skulls
  10 ghost moths
  9 deep elf elementalists
  An emperor scorpion (Zig:16)
  6 draconian annihilators
  14 ironheart preservers
  29 very ugly things
  4 elemental wellsprings (Coc:7)
  2 draconian stormcallers
  5 war gargoyles
  35 reapers
  2 entropy weavers
  18 stone giants
  4 corrupters (Pan)
  2 spriggan defenders
  A stone giant (shapeshifter) (Zig:13)
  12 vampire knights
  An entropy weaver (shapeshifter) (Depths:2)
  A spectral titan (Crypt:3)
  6 deep elf demonologists
  14 deep elf annihilators
  8 bennus
  4 black draconians
  10 yellow draconians
  A minotaur (Lab)
  11 purple draconians
  6 green draconians
  5 white draconians
  3 lorocyprocas
  9 spark wasps
  5 merfolk javelineers
  6 red draconians
  9 eidola
  19 blizzard demons
  4 quicksilver dragon zombies
  7 crystal guardians
  7 deep elf death magi
  19 mummy priests
  A spectral quicksilver dragon (Crypt:3)
  22 yaktaur captains
  13 fire dragons
  13 ettins
  Josephine (Orc:1)
  2 merfolk impalers
  15 green deaths
  11 deep elf high priests
  11 death oozes
  18 ogre magi
  30 vault guards
  4 quicksilver dragon skeletons
  15 naga warriors
  23 ice dragons
  15 great orbs of eyes
  5 jiangshi
  21 hydras
  Fannar (Lair:2)
  6 rakshasas
  A spectral shadow dragon (Crypt:3)
  6 spriggan air magi
  3 monstrous demonspawn (Pan)
  A merfolk aquamancer (Zig:5)
  3 ghost crabs
  7 centaur warriors
  2 catoblepae (Lair:6)
  Erica (D:10)
  9 anacondas
  8 vampire magi
  A spectral frost giant (Crypt:3)
  10 alligators
  2 spectral fire giants (Crypt:3)
  4 death knights
  44 two-headed ogres
  9 deep troll shamans
  4 tengu warriors
  A satyr (Zig:12)
  38 death scarabs
  11 deep troll earth magi
  7 death yaks (Lair:6)
  5 orc high priests
  6 titan skeletons
  22 naga sharpshooters
  16 hell hogs
  4 spriggan berserkers
  8 thrashing horrors
  22 deep elf knights
  47 hell knights
  9 shock serpents
  7 spectral storm dragons (Crypt:3)
  2 storm dragon zombies
  Sonja (Orc:1)
  The ghost of Baril the Thaumaturge, a novice DEEE of Vehumet (D:8)
  27 soul eaters
  3 iron golems
  Urug (Orc:1)
  5 titan zombies
  9 wretched stars
  45 sun demons
  2 salamander mystics
  17 shadow wraiths
  A ghost moth zombie (Dis:7)
  18 sixfirhies
  7 iron trolls
  28 deep trolls
  5 gelid demonspawn
  4 sea snakes
  3 unseen horrors
  6 golden dragon zombies
  A sea snake (shapeshifter) (Depths:2)
  11 shadow demons
  60 skeletal warriors
  3 storm dragon skeletons
  2 spriggan druids (Swamp:2)
  19 starcursed masses
  11 naga ritualists
  4 shambling mangroves
  3 infernal demonspawn (Pan)
  18 flayed ghosts
  9 glowing orange brains
  2 torturous demonspawn (Pan)
  14 wizards
  6 anaconda zombies
  13 deep elf archers
  14 swamp dragons
  21 phantasmal warriors
  3 wolf spider zombies
  22 orc knights
  2 orange crystal statues
  2 lindwurms
  15 harpies
  A spectral hydra (Crypt:3)
  19 necromancers
  5 iron dragon zombies
  18 mana vipers
  14 ironbrand convokers
  2 spectral fire dragons (Crypt:3)
  7 manticores
  3 golden dragon skeletons
  5 orb spiders (Zig:16)
  9 anaconda skeletons
  45 ugly things
  2 spectral ice dragons (Crypt:3)
  5 worldbinders
  66 deep elf magi
  2 orc sorcerers (Vaults:3)
  7 shadow dragon skeletons
  11 wolf spiders
  7 fauns
  9 fire giant zombies
  5 stone giant zombies
  12 salamanders
  5 cyclopes
  An iron dragon skeleton (Coc:1)
  4 shining eyes
  A frost giant zombie (Coc:6)
  10 moths of wrath
  17 vault sentinels
  3 shock serpent zombies
  2 manticores (shapeshifter) (Vaults:2)
  A moth of wrath (shapeshifter) (Zig:14)
  4 eyes of devastation
  7 stone giant skeletons
  3 torpor snails (Zig:16)
  A gargoyle (D:10)
  5 ice statues
  Joseph (D:7)
  14 spiny frogs
  An eye of devastation (shapeshifter) (Zig:2)
  56 black mambas
  The ghost of Rwicked the Digger, a novice GrEE of Vehumet (D:7)
  4 dire elephant zombies
  3 frost giant skeletons
  16 molten gargoyles
  9 guardian serpents
  31 smoke demons
  An apocalypse crab (Abyss:2)
  3 merfolk sirens
  11 fire giant skeletons
  21 orange demons
  14 rust devils
  19 naga magi
  4 shock serpent skeletons
  5 dire elephant skeletons
  The ghost of Nebukadnezar the Firebug, a novice GnFE (D:5)
  2 emperor scorpion zombies
  2 spiny frogs (shapeshifter)
  25 tormentors
  A rime drake (Lair:5)
  5 komodo dragons
  A golden dragon simulacrum (Coc:7)
  52 yaktaurs
  34 hellions
  3 catoblepas zombies
  A ghost moth simulacrum (Crypt:3)
  A human zombie (Vaults:4)
  7 hydra zombies
  11 demonic crawlers
  An anaconda simulacrum (Coc:7)
  A komodo dragon (shapeshifter) (Vaults:5)
  6 efreet
  40 guardian mummies
  54 freezing wraiths
  A queen bee (Abyss:3)
  2 tengu conjurers
  3 harpy zombies
  26 hellwings
  61 ice devils
  A catoblepas skeleton (Geh:7)
  2 merfolk (shapeshifter)
  42 red devils
  6 jumping spiders (Zig:16)
  5 merfolk
  3 trolls
  6 ancient zymes
  5 meliai (Abyss:3)
  8 polar bears (IceCv)
  A spectral harpy (Crypt:3)
  14 tyrant leeches
  A silent spectre (Tar:6)
  16 wind drakes (Pan)
  A meliai (shapeshifter) (Depths:4)
  Grinder (D:4)
  6 hydra skeletons
  3 hippogriffs (shapeshifter)
  A queen bee (shapeshifter) (Vaults:1)
  6 raiju
  4 dream sheep (Lair:6)
  A dream sheep (shapeshifter) (Depths:2)
  15 bog bodies
  2 harpy skeletons
  A spectral manticore (Crypt:3)
  14 hornets
  An iron dragon simulacrum (Coc:5)
  3 fire dragon zombies
  5 alligator zombies
  2 ettin zombies
  5 ice dragon zombies
  17 blink frogs
  57 slime creatures
  A snapping turtle (Zig:5)
  6 hippogriffs
  A stone giant simulacrum (Vaults:2)
  2 frost giant simulacra
  5 ice dragon skeletons
  72 flying skulls
  A black mamba zombie (Geh:6)
  Sigmund (D:2)
  A vampire (D:10)
  An air elemental (Elf:3)
  A guardian serpent skeleton (Crypt:2)
  3 spriggans
  28 wraiths
  19 ynoxinuls
  25 shadows
  A wyvern (Lair:4)
  A black mamba skeleton (Geh:2)
  2 fire dragon skeletons
  An alligator skeleton (Coc:7)
  6 ettin skeletons
  21 water elementals
  A human (shapeshifter) (Vaults:1)
  A dire elephant simulacrum (Crypt:2)
  3 redbacks
  5 tarantellas (Zig:16)
  4 fire bats (Pan)
  5 ushabtiu
  4 basilisks
  A yak (shapeshifter) (Vaults:3)
  34 yaks
  15 fire elementals
  14 vampire mosquitoes
  A human (D:14)
  3 hungry ghosts
  20 neqoxecs
  An emperor scorpion simulacrum (Abyss:2)
  6 chaos spawn
  4 wargs
  Menkaure (D:7)
  Edmund (D:5)
  A minotaur simulacrum (Crypt:1)
  39 nagas
  A harpy simulacrum (Crypt:1)
  A spatial vortex (Dis:7)
  2 spectral spiny frogs (Crypt:3)
  A howler monkey (D:4)
  A naga (shapeshifter) (Vaults:5)
  22 insubstantial wisps
  A torturous demonspawn zombie (Crypt:2)
  6 acid dragons
  13 swamp worms
  5 water moccasins
  45 hell hounds
  6 spiny frog zombies
  A floating eye (Depths:5)
  2 merfolk skeletons (Crypt:2)
  4 porcupines
  6 swamp drakes
  37 large abominations
  48 orc warriors
  4 sky beasts
  3 phantoms
  An alligator simulacrum (Hell)
  A black bear (D:9)
  2 spiny frog skeletons
  An ettin simulacrum (Vaults:2)
  8 ice beasts
  An ice beast (shapeshifter) (Depths:3)
  A snapping turtle zombie (Tar:7)
  2 manticore zombies
  A black mamba simulacrum (Crypt:3)
  29 ogres
  5 eyes of draining
  10 snapping turtle skeletons
  5 boggarts (Depths:2)
  13 necrophages
  16 wolves
  A centaur (shapeshifter) (Vaults:5)
  10 small abominations
  18 centaurs
  A manticore skeleton (Crypt:2)
  A rime drake zombie (Crypt:2)
  4 swamp dragon skeletons
  A crocodile (shapeshifter) (Vaults:4)
  2 big kobolds
  10 crocodiles
  13 bullfrogs
  A wyvern zombie (D:13)
  2 earth elementals (Elf:3)
  A hippogriff skeleton (Crypt:1)
  A gelid demonspawn simulacrum (Crypt:2)
  A wyvern skeleton (D:8)
  A scorpion (D:9)
  A spriggan zombie (Crypt:1)
  7 killer bees
  A manticore simulacrum (Coc:7)
  A troll zombie (Geh:3)
  A warg skeleton (Crypt:1)
  A human simulacrum (Vaults:4)
  A spriggan skeleton (Tar:7)
  A vampire bat (Lair:6)
  34 wights
  6 electric eels (D:6)
  21 crimson imps
  7 quasits
  2 jellies
  2 centaur skeletons
  A black bear zombie (Crypt:1)
  20 iron imps
  3 bullfrog zombies (D:8)
  3 hounds
  20 orc wizards
  Crazy Yiuf (D:7)
  A gnoll shaman (D:5)
  31 orc priests
  A soldier ant zombie (Crypt:3)
  3 iguanas
  A basilisk skeleton (Crypt:1)
  2 human skeletons
  A lightning spire (Zig:13)
  13 worker ants
  A tengu zombie (Geh:6)
  A sky beast zombie (Crypt:3)
  A hound zombie (D:10)
  62 mummies
  Robin (D:2)
  7 gnolls
  2 howler monkey zombies
  8 river rats (Sewer)
  A swamp drake zombie (Crypt:3)
  13 adders
  A naga simulacrum (Crypt:3)
  10 shadow imps
  35 white imps
  7 ufetubi
  An ooze (D:1)
  A lava snake zombie (Crypt:3)
  2 adder skeletons
  3 adder zombies
  2 worms (D:5)
  A dart slug (D:1)
  6 leopard geckos
  75 orcs
  5 ball pythons
  9 bats
  6 giant cockroaches
  7 gnoll skeletons (Ossuary)
  16 goblins
  11 hobgoblins
  11 jackals
  20 kobolds
  2 quokkas
  8 frilled lizards
  A goblin skeleton (Crypt:1)
  7 kobold skeletons
  A leopard gecko skeleton (D:5)
  12 orc skeletons (Ossuary)
  A quokka zombie (Crypt:1)
  10 rats
  A starspawn tentacle (Abyss:3)
4181 creatures vanquished.

Vanquished Creatures (collateral kills)
  An orb of fire (Zot:3)
  An ancient lich (Tomb:3)
  9 greater mummies
  A golden dragon (Zig:11)
  2 Killer Klowns
  2 iron giants (Dis:7)
  A Brimstone Fiend (Dis:7)
  An iron giant (shapeshifter) (Zig:13)
  2 liches (Tomb:3)
  6 Orb Guardians (Zot:5)
  A Hell Sentinel (Dis:7)
  2 tentacled monstrosities (Zig:11)
  2 quicksilver dragons
  A deep elf master archer (Zig:12)
  A thorn hunter (Zig:11)
  2 ancient champions (Tomb:3)
  4 acid blobs
  A tengu reaver (Zig:10)
  An azure jelly (Slime:5)
  2 fire giants (shapeshifter) (Zig:13)
  2 nagarajas (Snake:4)
  An orc warlord (Orc:1)
  5 iron dragons (Dis:7)
  5 vault wardens
  2 cacodemons (Pan)
  An emperor scorpion (Zig:16)
  A reaper (Dis:7)
  2 ironheart preservers
  A spriggan defender (Depths:2)
  6 war gargoyles (Dis:7)
  2 stone giants
  A very ugly thing (Depths:1)
  16 bennus (Tomb:3)
  A deep elf annihilator (Zig:14)
  A yellow draconian (Zot:5)
  A white draconian (Zot:5)
  2 red draconians (Zot:5)
  Snorg (D:11)
  An ettin (Vaults:5)
  5 mummy priests
  2 yaktaur captains
  3 hydras
  3 vault guards
  A catoblepas (Lair:6)
  4 anacondas
  2 ghost crabs (Zig:11)
  A merfolk aquamancer (Zig:8)
  4 naga warriors
  2 centaur warriors
  2 dancing weapons (Zig:14)
  4 ogre magi
  10 two-headed ogres
  A death scarab (Tomb:2)
  A death knight (Vaults:2)
  2 orc high priests (Orc:2)
  2 alligators
  A deep troll earth mage (Depths:2)
  2 iron golems (Dis:7)
  A storm dragon zombie (Dis:7)
  3 naga sharpshooters
  2 deep elf knights
  An iron troll (Dis:7)
  5 skeletal warriors
  A wizard (D:11)
  2 deep trolls
  3 salamander mystics (Zig:15)
  A shambling mangrove (Swamp:1)
  2 golden dragon zombies
  4 naga ritualists
  A deep troll (shapeshifter) (Zig:14)
  2 swamp dragons
  An ironbrand convoker (Vaults:1)
  A harpy (Zig:8)
  An orc knight (Vaults:1)
  An orb spider (Zig:16)
  A shining eye (Slime:3)
  An oklob plant (Lair:3)
  6 ugly things
  2 lindwurms (Swamp:4)
  A wolf spider (Vaults:3)
  2 fire giant zombies
  2 deep elf magi
  A wolf spider zombie (Dis:7)
  An iron dragon skeleton (Tomb:3)
  2 cyclopes
  A moth of wrath (Zot:5)
  4 rust devils (Dis:7)
  5 naga magi
  An apocalypse crab (Zig:13)
  3 vault sentinels
  5 black mambas
  3 spiny frogs
  A hellion (Dis:7)
  4 orange demons (Pan)
  4 yaktaurs (Vaults:3)
  A demonic crawler (Zig:16)
  2 tormentors (Dis:7)
  3 komodo dragons
  15 guardian mummies
  5 polar bears (IceCv)
  3 trolls
  A merfolk (shapeshifter) (Vaults:2)
  2 tyrant leeches (Swamp:1)
  6 slime creatures
  3 hornets
  2 blink frogs
  2 large abominations (Pan)
  3 dream sheep (Lair:6)
  An ettin zombie (Dis:7)
  2 redbacks
  A spriggan (Swamp:1)
  3 fire elementals (Zig:14)
  3 wraiths
  2 basilisks
  11 yaks
  A golden eye (Slime:4)
  A vampire mosquito (D:13)
  2 neqoxecs (Pan)
  A chaos spawn (Pan)
  A spatial vortex (Dis:7)
  A warg (Orc:1)
  10 nagas
  2 water moccasins
  A porcupine (D:9)
  4 hell hounds (Dis:7)
  10 orc warriors
  2 swamp drakes
  A black bear (D:9)
  An eye of draining (Slime:4)
  10 ogres
  6 wolves
  3 centaurs
  2 crocodiles
  A big kobold (D:9)
  A wyvern zombie (D:9)
  4 wights (D:9)
  A crimson imp (D:11)
  3 orc priests
  A bullfrog zombie (D:10)
  4 orc wizards
  4 iron imps (Dis:7)
  9 mummies (Tomb:3)
  A shadow imp (D:15)
  20 orcs
  5 kobolds (D:9)
413 creatures vanquished.

Vanquished Creatures (others)
  2 Killer Klowns (Zot:5)
  An Ice Fiend (Dis:7)
  3 Orb Guardians (Zot:5)
  2 eldritch tentacles
  2 deep elf master archers (Elf:3)
  A storm dragon (Vaults:5)
  2 fire giants
  11 war gargoyles (Dis:7)
  2 blizzard demons
  A yaktaur captain (Vaults:4)
  31 dancing weapons
  26 death scarabs
  A naga sharpshooter (Snake:1)
  A hell hog (Geh:2)
  3 iron trolls (Dis:7)
  2 skeletal warriors (Dis:7)
  A shadow dragon zombie (Dis:7)
  A deep elf mage (Elf:2)
  3 moths of wrath (Zot:5)
  2 rust devils (Dis:7)
  A water nymph (Zig:6)
  A smoke demon (Geh:7)
  A hellion (Dis:7)
  A dire elephant skeleton (Geh:7)
  A tormentor (Dis:7)
  8 yaktaurs
  An ice devil (Dis:7)
  A fire dragon zombie (Dis:7)
  A hippogriff (Zig:6)
  9 flying skulls
  2 shadows (Geh:1)
  4 wraiths
  3 insubstantial wisps
  A naga (Snake:4)
  A hell hound (Dis:7)
  3 orc warriors
  A swamp drake (Swamp:2)
  A small abomination (Abyss:2)
  2 ogres
  A centaur (Vaults:1)
  A swamp dragon skeleton (Geh:7)
  A wight (Abyss:3)
  5 iron imps (Dis:7)
  2 mummies (Tomb:2)
  A gnoll (D:5)
  2 ball lightnings (Pan)
  An orc (Vaults:4)
  3 briar patches (Swamp:4)
  10 fungi
  13 plants
  15 spectral weapons
  22 starspawn tentacles
218 creatures vanquished.

Grand Total: 4812 creatures vanquished

Notes
Turn   | Place    | Note
-------+----------+-------------------------------------------
     0 | D:1      | Nebukadnezar the Gnoll Artificer began the quest for the
                  | Orb.
     0 | D:1      | Reached XP level 1. HP: 17/17 MP: 4/4
   180 | D:1      | Reached XP level 2. HP: 10/23 MP: 6/6
   663 | D:1      | Reached XP level 3. HP: 28/28 MP: 7/7
  1206 | D:2      | Reached skill level 1 in Invocations
  1490 | D:2      | Noticed Robin
  1569 | D:2      | Noticed Sigmund
  1754 | D:2      | Reached skill level 1 in Long Blades
  1754 | D:2      | Reached skill level 1 in Axes
  1754 | D:2      | Reached skill level 1 in Maces & Flails
  1754 | D:2      | Reached skill level 1 in Polearms
  1754 | D:2      | Reached skill level 1 in Staves
  1754 | D:2      | Reached skill level 1 in Slings
  1754 | D:2      | Reached skill level 1 in Bows
  1754 | D:2      | Reached skill level 1 in Crossbows
  1754 | D:2      | Reached skill level 1 in Throwing
  1754 | D:2      | Reached skill level 1 in Armour
  1754 | D:2      | Reached skill level 1 in Shields
  1754 | D:2      | Reached skill level 1 in Unarmed Combat
  1754 | D:2      | Reached skill level 1 in Spellcasting
  1768 | D:2      | Killed Robin
  1768 | D:2      | Reached XP level 4. HP: 34/34 MP: 8/8
  1980 | D:3      | Noticed a bullfrog
  1994 | D:3      | Killed a bullfrog
  1994 | D:3      | Reached skill level 1 in Conjurations
  1994 | D:3      | Reached skill level 1 in Hexes
  1994 | D:3      | Reached skill level 1 in Charms
  1994 | D:3      | Reached skill level 1 in Summonings
  1994 | D:3      | Reached skill level 1 in Necromancy
  1994 | D:3      | Reached skill level 1 in Translocations
  1994 | D:3      | Reached skill level 1 in Transmutations
  1994 | D:3      | Reached skill level 1 in Fire Magic
  1994 | D:3      | Reached skill level 1 in Ice Magic
  1994 | D:3      | Reached skill level 1 in Air Magic
  1994 | D:3      | Reached skill level 1 in Earth Magic
  1994 | D:3      | Reached skill level 1 in Poison Magic
  1994 | D:3      | Reached XP level 5. HP: 21/40 MP: 8/10
  2222 | D:3      | Found a bloodstained altar of Trog.
  2411 | D:2      | Killed Sigmund
  2411 | D:2      | Reached XP level 6. HP: 47/47 MP: 11/11
  2601 | D:3      | Found an iron altar of Okawaru.
  2680 | D:3      | Reached skill level 5 in Dodging
  2813 | D:3      | Found a faded altar of an unknown god.
  2880 | D:4      | Noticed a fire elemental
  2929 | D:4      | Found a stormy altar of Qazlal.
  2929 | D:4      | Noticed a water elemental
  2942 | D:4      | Noticed Grinder
  3065 | D:4      | Reached XP level 7. HP: 51/52 MP: 12/12
  3102 | D:4      | Found a sand-covered staircase.
  3124 | Ossuary  | Entered an ossuary
  3124 | Ossuary  | Noticed a wraith
  3124 | Ossuary  | Noticed a wraith
  3124 | Ossuary  | Noticed a wraith
  3551 | Ossuary  | Noticed a wraith
  3564 | Ossuary  | Killed a wraith
  3675 | D:4      | Found a stormy altar of Qazlal.
  3741 | D:4      | Killed Grinder
  3741 | D:4      | Reached XP level 8. HP: 60/60 MP: 13/13
  3826 | D:4      | Noticed an air elemental
  3893 | D:4      | Found a shadowy altar of Dithmenos.
  3940 | D:4      | Found a radiant altar of Vehumet.
  4109 | D:5      | Entered Level 5 of the Dungeon
  4168 | D:5      | Found a runed door.
  4169 | D:5      | Noticed Nebukadnezar's ghost (novice GnFE)
  4324 | D:5      | Found a glowing drain.
  4359 | Sewer    | Entered a sewer
  4677 | Sewer    | // 2*gnoll on exit
  5065 | D:5      | Found a hazy altar of Hepliaklqana.
  5442 | D:6      | Noticed Edmund
  5529 | D:5      | Killed Edmund
  5529 | D:5      | Reached XP level 9. HP: 36/66 MP: 14/14
  5746 | D:6      | Found Patad's Antique Weapon Boutique.
  6314 | D:6      | Found a stormy altar of Qazlal.
  6720 | D:6      | Reached skill level 5 in Fighting
  6720 | D:6      | Reached skill level 5 in Short Blades
  7329 | D:7      | Found a runed gate.
  7329 | D:7      | Found a runed gate.
  7353 | D:7      | Found a staircase to the Ecumenical Temple.
  7357 | D:7      | Reached skill level 5 in Stealth
  7373 | Temple   | Entered the Ecumenical Temple
  7379 | Temple   | Became a worshipper of Gozag Ym Sagoz the Greedy
  7397 | D:7      | Found a runed gate.
  7399 | D:7      | Noticed Rwicked's ghost (novice GrEE)
  7401 | D:7      | Found a roughly hewn altar of Beogh.
  7458 | D:7      | Learned a level 2 spell: Call Imp
  7462 | D:7      | Learned a level 3 spell: Call Canine Familiar
  7467 | D:7      | Learned a level 4 spell: Summon Ice Beast
  7472 | D:7      | Learned a level 4 spell: Summon Lightning Spire
  7584 | D:7      | Got a fine scale mail
  7611 | D:7      | Identified the cursed +0 scale mail "Holorhya" {rC+} (You
                  | found it on level 7 of the Dungeon)
  7799 | D:7      | Found a runed door.
  7952 | D:7      | Found a glowing silver altar of Zin.
  7968 | D:7      | Noticed Menkaure
  7976 | D:7      | Killed Menkaure
  7976 | D:7      | Reached skill level 5 in Invocations
  8235 | D:7      | Noticed Joseph
  8648 | D:7      | Noticed Crazy Yiuf
  8654 | D:7      | Killed Crazy Yiuf
  8997 | D:7      | Killed Joseph
  8997 | D:7      | Reached XP level 10. HP: 46/74 MP: 17/17
  9657 | D:8      | Reached skill level 5 in Long Blades
  9657 | D:8      | Reached skill level 5 in Axes
  9657 | D:8      | Reached skill level 5 in Maces & Flails
  9657 | D:8      | Reached skill level 5 in Polearms
  9657 | D:8      | Reached skill level 5 in Staves
  9657 | D:8      | Reached skill level 5 in Slings
  9657 | D:8      | Reached skill level 5 in Bows
  9657 | D:8      | Reached skill level 5 in Crossbows
  9657 | D:8      | Reached skill level 5 in Throwing
  9657 | D:8      | Reached skill level 5 in Armour
  9657 | D:8      | Reached skill level 5 in Shields
  9657 | D:8      | Reached skill level 5 in Unarmed Combat
  9657 | D:8      | Reached skill level 5 in Spellcasting
  9849 | D:8      | Found a burning altar of Makhleb.
  9853 | D:8      | Found a shimmering altar of Xom.
 10260 | D:8      | Found a runed door.
 10263 | D:8      | Noticed Baril's ghost (novice DEEE)
 10453 | D:5      | Killed Nebukadnezar's ghost
 11146 | D:9      | Found an ancient bone altar of Kikubaaqudgha.
 11557 | D:9      | Noticed a two-headed ogre
 11568 | D:9      | Killed a two-headed ogre
 11603 | D:9      | Found a blossoming altar of Fedhas.
 11612 | D:9      | Learned a level 3 spell: Conjure Flame
 11641 | D:9      | Found an ornate altar of the Wu Jian Council.
 11651 | D:9      | Learned a level 4 spell: Sticky Flame
 11712 | D:9      | Found a staircase to the Lair.
 12040 | D:9      | Reached XP level 11. HP: 77/82 MP: 17/19
 12409 | D:10     | Entered Level 10 of the Dungeon
 12653 | D:10     | Noticed a cyclops
 12660 | D:10     | Killed a cyclops
 13099 | D:10     | Found a staircase to the Orcish Mines.
 13157 | D:10     | Reached skill level 5 in Conjurations
 13157 | D:10     | Reached skill level 5 in Hexes
 13157 | D:10     | Reached skill level 5 in Charms
 13157 | D:10     | Reached skill level 5 in Summonings
 13157 | D:10     | Reached skill level 5 in Necromancy
 13157 | D:10     | Reached skill level 5 in Translocations
 13157 | D:10     | Reached skill level 5 in Transmutations
 13157 | D:10     | Reached skill level 5 in Fire Magic
 13157 | D:10     | Reached skill level 5 in Ice Magic
 13157 | D:10     | Reached skill level 5 in Air Magic
 13157 | D:10     | Reached skill level 5 in Earth Magic
 13157 | D:10     | Reached skill level 5 in Poison Magic
 13466 | Lair:1   | Entered Level 1 of the Lair of Beasts
 13866 | Lair:1   | Noticed a four-headed hydra
 13911 | Lair:1   | Bought a scroll of acquirement for 780 gold pieces
 14307 | Lair:1   | Killed a four-headed hydra
 14532 | Lair:2   | Noticed Fannar
 14573 | Lair:2   | Killed Fannar
 14609 | Lair:2   | Found a frozen archway.
 14616 | IceCv    | Entered an ice cave
 14797 | IceCv    | Reached XP level 12. HP: 58/91 MP: 9/22
 15824 | IceCv    | Noticed a frost giant
 15889 | IceCv    | Killed a frost giant
 16139 | IceCv    | Got a polished glaive
 16743 | Lair:1   | Identified the +3 glaive "Qinaq" {antimagic, rC+ Str+5
                  | Int-5} (You found it in an ice cave)
 16748 | Lair:1   | Bought a +0 pair of boots of stealth for 195 gold pieces
 16963 | Lair:2   | Found a staircase to the Snake Pit.
 17293 | Lair:3   | Found a labyrinth entrance.
 17298 | Lair:3   | Reached skill level 10 in Evocations
 17305 | Lab      | Entered a labyrinth
 17309 | Lab      | Learned a level 2 spell: Poisonous Vapours
 17313 | Lab      | Learned a level 3 spell: Mephitic Cloud
 18048 | Lab      | Noticed a minotaur
 18060 | Lab      | Killed a minotaur
 18633 | Lair:3   | Reached XP level 13. HP: 98/98 MP: 24/24
 18979 | Lair:3   | Found a staircase to the Swamp.
 20234 | Lair:6   | Entered Level 6 of the Lair of Beasts
 20784 | Lair:6   | Found a viscous altar of Jiyva.
 20784 | Lair:6   | Found a staircase to the Slime Pits.
 21012 | Lair:6   | Identified the +2 leather armour of Satisfaction {rC- rN+
                  | Regen+ rCorr} (You found it on level 6 of the Lair of
                  | Beasts)
 21676 | Lair:6   | Reached XP level 14. HP: 108/108 MP: 26/26
 21835 | Lair:6   | Got a warped golden ring
 21836 | Lair:6   | Identified the ring "Fakeoh" {MR- Str+5 Int+4 Dex+4 SInv}
                  | (You found it on level 6 of the Lair of Beasts)
 22289 | D:11     | Got a steaming trident
 22301 | D:11     | Identified the +8 trident "Fivid" {vamp, *Slow Fragile
                  | Str+4 Dex+9} (You found it on level 11 of the Dungeon)
 22352 | Lair:1   | Bought the ring "Wankuink" {+Blink rPois rF+ rN+ MP+9} for
                  | 691 gold pieces
 22358 | Lair:1   | Bought an uncursed ring of protection from magic for 350
                  | gold pieces
 22358 | Lair:1   | Bought the amulet "Noag" {Reflect rElec SH+3} for 415 gold
                  | pieces
 22658 | D:8      | Killed Baril's ghost
 22784 | D:7      | Got a jewelled hand axe {flame}
 22790 | D:7      | Identified the +9 hand axe of the Past {flame, rF+ rC+}
                  | (You took it off an orc warrior on level 7 of the Dungeon)
 22830 | D:7      | Killed Rwicked's ghost
 22830 | D:7      | Reached skill level 10 in Dodging
 23268 | D:11     | Identified the +3 trident of Doom {freeze, rPois MR- Str+3}
                  | (You found it on level 11 of the Dungeon)
 23308 | D:11     | Noticed Snorg
 23310 | D:11     | // again..
 23459 | Orc:1    | Entered Level 1 of the Orcish Mines
 23545 | Orc:1    | Noticed Urug
 23558 | Orc:1    | Killed Urug
 23601 | Orc:1    | Noticed an orc warlord
 23615 | Orc:1    | Killed an orc warlord
 23747 | Orc:1    | Noticed Sonja
 23762 | Orc:1    | Killed Sonja
 23879 | Orc:1    | Noticed Josephine
 23883 | Orc:1    | Killed Josephine
 24089 | Orc:1    | Found Musm's Antique Armour Shop.
 24110 | Orc:1    | Bought a pair of encrusted boots for 275 gold pieces
 24120 | Orc:1    | Identified the +2 pair of boots "Hileojos" {*Corrode rElec
                  | rPois Int+10} (You bought it in a shop on level 1 of the
                  | Orcish Mines)
 24174 | Orc:2    | Entered Level 2 of the Orcish Mines
 24320 | Orc:2    | Found a staircase to the Elven Halls.
 24322 | Orc:2    | Found a roughly hewn altar of Beogh.
 25139 | Orc:2    | Reached skill level 10 in Invocations
 25454 | Orc:2    | Found Gohoa's Gadget Shoppe.
 25454 | Orc:2    | Found Fileytis's Gadget Shoppe.
 25459 | Orc:2    | Found Vilypry's Book Emporium.
 25459 | Orc:2    | Found Zyuhef's Distillery.
 25498 | Orc:2    | Bought a book of Battle for 560 gold pieces
 25502 | Orc:2    | Learned a level 3 spell: Regeneration
 25506 | Orc:2    | Learned a level 3 spell: Spectral Weapon
 25845 | D:11     | Noticed Erica
 25940 | D:10     | Killed Erica
 26228 | D:12     | Found a shimmering altar of Xom.
 26985 | D:13     | Reached XP level 15. HP: 100/115 MP: 10/28
 27091 | D:13     | Found Kotixaof's Assorted Antiques.
 27139 | D:13     | Bought a scroll labeled ARGHIE HIHAFE for 28 gold pieces
 27408 | D:13     | Reached skill level 10 in Fighting
 27408 | D:13     | Reached skill level 10 in Short Blades
 27605 | D:13     | Found a deep blue altar of Sif Muna.
 27800 | D:14     | Reached skill level 10 in Stealth
 27989 | D:14     | Reached XP level 16. HP: 122/122 MP: 29/29
 28648 | D:14     | Reached skill level 10 in Long Blades
 28648 | D:14     | Reached skill level 10 in Axes
 28648 | D:14     | Reached skill level 10 in Maces & Flails
 28648 | D:14     | Reached skill level 10 in Polearms
 28648 | D:14     | Reached skill level 10 in Staves
 28648 | D:14     | Reached skill level 10 in Slings
 28648 | D:14     | Reached skill level 10 in Bows
 28648 | D:14     | Reached skill level 10 in Crossbows
 28648 | D:14     | Reached skill level 10 in Throwing
 28648 | D:14     | Reached skill level 10 in Armour
 28648 | D:14     | Reached skill level 10 in Shields
 28648 | D:14     | Reached skill level 10 in Unarmed Combat
 28648 | D:14     | Reached skill level 10 in Spellcasting
 28730 | D:14     | Found a gate to the Vaults.
 28811 | D:15     | Entered Level 15 of the Dungeon
 29099 | D:15     | Found a gateway to a bazaar.
 29288 | D:15     | Found a staircase to the Depths.
 29539 | D:15     | Found a hide-covered altar of Uskayaw.
 30050 | D:11     | Killed Snorg
 30479 | Lair:1   | Learned a level 2 spell: Shroud of Golubria
 30562 | Swamp:1  | Entered Level 1 of the Swamp
 32182 | Swamp:2  | Reached XP level 17. HP: 129/130 MP: 31/31
 32281 | Swamp:2  | Noticed Nikola
 32316 | Swamp:2  | Killed Nikola
 32809 | Swamp:3  | Learned a level 5 spell: Borgnjor's Vile Clutch
 33503 | Swamp:4  | Entered Level 4 of the Swamp
 34305 | Swamp:4  | Got a decaying rune of Zot
 34964 | Snake:1  | Entered Level 1 of the Snake Pit
 35516 | Snake:1  | Reached XP level 18. HP: 138/138 MP: 33/33
 36177 | Snake:2  | Found Jeschax's Jewellery Boutique.
 36178 | Snake:2  | Found Qebbonor's Gadget Shoppe.
 36178 | Snake:2  | Found Awnet's Gadget Shoppe.
 36196 | Snake:2  | Bought the ring of Doochovaha {rPois rF+ rN+ MR+ Int+2} for
                  | 567 gold pieces
 36198 | Snake:2  | // lamp ?
 36203 | Snake:2  | Bought a lamp of fire for 480 gold pieces
 36975 | Snake:2  | Found Qisatun's Food Emporium.
 37030 | Snake:2  | Bought a ration for 70 gold pieces
 37030 | Snake:2  | Bought a ration for 70 gold pieces
 37030 | Snake:2  | Bought a ration for 70 gold pieces
 37030 | Snake:2  | Bought a ration for 70 gold pieces
 37030 | Snake:2  | Bought a ration for 70 gold pieces
 37030 | Snake:2  | Bought a ration for 70 gold pieces
 37030 | Snake:2  | Bought a ration for 70 gold pieces
 37030 | Snake:2  | Bought a ration for 70 gold pieces
 37030 | Snake:2  | Bought a ration for 70 gold pieces
 37030 | Snake:2  | Bought a ration for 70 gold pieces
 37428 | Snake:2  | Reached skill level 10 in Conjurations
 37428 | Snake:2  | Reached skill level 10 in Hexes
 37428 | Snake:2  | Reached skill level 10 in Charms
 37428 | Snake:2  | Reached skill level 10 in Summonings
 37428 | Snake:2  | Reached skill level 10 in Necromancy
 37428 | Snake:2  | Reached skill level 10 in Translocations
 37428 | Snake:2  | Reached skill level 10 in Transmutations
 37428 | Snake:2  | Reached skill level 10 in Fire Magic
 37428 | Snake:2  | Reached skill level 10 in Ice Magic
 37428 | Snake:2  | Reached skill level 10 in Air Magic
 37428 | Snake:2  | Reached skill level 10 in Earth Magic
 37428 | Snake:2  | Reached skill level 10 in Poison Magic
 38419 | Snake:3  | Found Riothut's General Store.
 38478 | Snake:3  | Bought a scroll of teleportation for 42 gold pieces
 38478 | Snake:3  | Bought a ration for 70 gold pieces
 38478 | Snake:3  | Bought a scroll of enchant armour for 105 gold pieces
 38781 | Snake:4  | Entered Level 4 of the Snake Pit
 38782 | Snake:4  | Noticed Vashnia
 38809 | Snake:4  | Killed Vashnia
 39572 | Snake:4  | Reached XP level 19. HP: 110/147 MP: 35/35
 40660 | Snake:4  | Got a serpentine rune of Zot
 41335 | Bazaar   | Entered a bazaar
 41335 | Bazaar   | Found Quseec's Jewellery Emporium.
 41335 | Bazaar   | Found Esioschoa's Food Shoppe.
 41335 | Bazaar   | Found Jaychen's Book Emporium.
 41357 | Bazaar   | Bought a ration for 40 gold pieces
 41357 | Bazaar   | Bought a ration for 40 gold pieces
 41357 | Bazaar   | Bought a ration for 40 gold pieces
 41357 | Bazaar   | Bought a ration for 40 gold pieces
 41357 | Bazaar   | Bought a ration for 40 gold pieces
 41357 | Bazaar   | Bought a ration for 40 gold pieces
 41357 | Bazaar   | Bought a ration for 40 gold pieces
 41357 | Bazaar   | Bought a ration for 40 gold pieces
 41357 | Bazaar   | Bought a ration for 40 gold pieces
 41357 | Bazaar   | Bought a ration for 40 gold pieces
 41359 | Bazaar   | Bought the ring of the Sixty-Six Emperors {+Inv rPois
                  | Dex+4} for 632 gold pieces
 41363 | Bazaar   | // disappointing bazaa.
 41363 | Bazaar   | Bought a manual of Axes for 1435 gold pieces
 41637 | Elf:1    | Entered Level 1 of the Elven Halls
 42343 | Elf:2    | Found a runed gate.
 42343 | Elf:2    | Found a runed gate.
 42343 | Elf:2    | Found a runed gate.
 42636 | Elf:2    | Noticed Asterion
 42668 | Elf:2    | Found Wuocwyi's Antique Weapon Boutique.
 42768 | Elf:2    | Killed Asterion
 42900 | Elf:3    | Entered Level 3 of the Elven Halls
 42923 | Elf:3    | Found Kibb's Assorted Antiques.
 42939 | Elf:3    | Found Qipofun's Book Shop.
 43272 | Elf:3    | Reached XP level 20. HP: 155/155 MP: 36/36
 43384 | Elf:3    | Found Zadix's Antique Armour Shop.
 43387 | Elf:3    | Bought a runed cloak for 210 gold pieces
 43438 | Elf:3    | Found a radiant altar of Vehumet.
 44934 | Elf:3    | Identified the Disquisition on the Flying Mountains
 44944 | Elf:3    | Identified the Guide on the Escort and Translocation
 45141 | Elf:3    | Gained mutation: You are frail. (-10% HP) [a neqoxec]
 45145 | Elf:3    | Identified the Volume of Cloudy Confrontation
 45922 | Elf:3    | Got a heavily runed lead ring
 45922 | Elf:3    | Got a steaming pewter ring
 45923 | Elf:3    | Got a faintly glowing dagger {flame}
 46052 | Elf:3    | Got a vibrating golden amulet
 46053 | Elf:3    | Identified the +3 dagger of Absolution {flame, rF+ Stlth+}
                  | (You took it off a deep elf high priest on level 3 of the
                  | Elven Halls)
 46054 | Elf:3    | Identified the amulet of Moral Flaws {RegenMP MP+9 Str+4
                  | Dex+4} (You took it off a deep elf mage on level 3 of the
                  | Elven Halls)
 46055 | Elf:3    | Identified the ring "Qasail" {Fire Stlth+} (You took it off
                  | a deep elf demonologist on level 3 of the Elven Halls)
 46056 | Elf:3    | Identified the ring "Foxzovy" {rPois rN+} (You took it off
                  | a deep elf high priest on level 3 of the Elven Halls)
 46057 | Elf:3    | Identified the ring of Doubts {rElec rC+ Int+3} (You took
                  | it off a deep elf archer on level 3 of the Elven Halls)
 46132 | Elf:3    | Identified the +4 scale mail of Duhex {rElec Int+3} (You
                  | found it on level 3 of the Elven Halls)
 46135 | Elf:3    | Identified the +5 scale mail of Too Many Cooks {rF+ rN+
                  | Str-3} (You found it on level 3 of the Elven Halls)
 46276 | Elf:2    | Bought an ichor-stained scimitar for 324 gold pieces
 46276 | Elf:2    | Identified the +6 scimitar "Bilurein" {slice, Fragile
                  | +Blink Int+5} (You bought it in a shop on level 2 of the
                  | Elven Halls)
 46396 | Lair:1   | Lost mutation: You are frail. (-10% HP) [potion of
                  | mutation]
 46396 | Lair:1   | Gained mutation: You are partially covered in thin metallic
                  | scales. (AC +2) [potion of mutation]
 46396 | Lair:1   | Gained mutation: Your flesh is heat resistant. (rF+)
                  | [potion of mutation]
 46396 | Lair:1   | Gained mutation: You are partially covered in large bone
                  | plates. (SH +4) [potion of mutation]
 46584 | Vaults:1 | Entered Level 1 of the Vaults
 46946 | Vaults:1 | Found Paptunk's General Store.
 46964 | Vaults:1 | Bought a ration for 60 gold pieces
 46964 | Vaults:1 | Bought a ration for 60 gold pieces
 46964 | Vaults:1 | Bought a scroll of fear for 42 gold pieces
 46972 | Vaults:1 | Bought a +0 shield of positive energy for 102 gold pieces
 47363 | Vaults:1 | Reached XP level 21. HP: 163/163 MP: 33/38
 48210 | Vaults:2 | Found a staircase to the Crypt.
 49655 | Vaults:3 | Reached skill level 15 in Axes
 49729 | Vaults:3 | Reached skill level 15 in Evocations
 49982 | Vaults:3 | Reached skill level 15 in Invocations
 50081 | Vaults:3 | Noticed Jory
 50088 | Vaults:3 | Reached XP level 22. HP: 148/172 MP: 18/39
 50106 | Vaults:3 | Killed Jory
 50605 | Vaults:3 | Noticed Xtahua
 50619 | Vaults:3 | Killed Xtahua
 51751 | Vaults:4 | Identified the +4 shield of Vlad {+Inv} (You found it on
                  | level 4 of the Vaults)
 52294 | Vaults:4 | Reached skill level 15 in Dodging
 53318 | Vaults:2 | Got a scorched iron amulet
 54401 | Lair:1   | Identified the amulet of Lijeit {Harm *Drain Fragile rPois
                  | MP-9 Int+6} (You took it off an orc knight on level 2 of
                  | the Vaults)
 54570 | Snake:2  | Bought an uncursed amulet of regeneration for 330 gold
                  | pieces
 54876 | Elf:3    | Bought a runed broad axe for 231 gold pieces
 54876 | Elf:3    | Bought a potion of mutation for 264 gold pieces
 55021 | Lair:1   | Learned a level 2 spell: Blink
 55026 | Lair:1   | Learned a level 4 spell: Passage of Golubria
 55350 | Elf:2    | Reached XP level 23. HP: 179/179 MP: 41/41
 55868 | Depths:1 | Entered Level 1 of the Depths
 55950 | Depths:1 | Found a gateway to Hell.
 56299 | Depths:1 | Found Xecweantell's Food Boutique.
 56340 | Depths:1 | Bought a ration for 55 gold pieces
 56340 | Depths:1 | Bought a ration for 55 gold pieces
 56340 | Depths:1 | Bought a ration for 55 gold pieces
 56340 | Depths:1 | Bought a ration for 55 gold pieces
 56340 | Depths:1 | Bought a ration for 55 gold pieces
 56340 | Depths:1 | Bought a ration for 55 gold pieces
 56340 | Depths:1 | Bought a ration for 55 gold pieces
 56340 | Depths:1 | Bought a ration for 55 gold pieces
 56340 | Depths:1 | Bought a ration for 55 gold pieces
 56340 | Depths:1 | Bought a ration for 55 gold pieces
 56340 | Depths:1 | Bought a ration for 55 gold pieces
 56630 | Depths:2 | Noticed a caustic shrike
 56632 | Depths:2 | Reached skill level 15 in Fighting
 56632 | Depths:2 | Reached skill level 15 in Short Blades
 56638 | Depths:2 | Killed a caustic shrike
 56640 | Depths:2 | Reached skill level 15 in Stealth
 57119 | Depths:2 | Reached skill level 15 in Long Blades
 57119 | Depths:2 | Reached skill level 15 in Maces & Flails
 57119 | Depths:2 | Reached skill level 15 in Polearms
 57119 | Depths:2 | Reached skill level 15 in Staves
 57119 | Depths:2 | Reached skill level 15 in Slings
 57119 | Depths:2 | Reached skill level 15 in Bows
 57119 | Depths:2 | Reached skill level 15 in Crossbows
 57119 | Depths:2 | Reached skill level 15 in Throwing
 57119 | Depths:2 | Reached skill level 15 in Armour
 57119 | Depths:2 | Reached skill level 15 in Shields
 57119 | Depths:2 | Reached skill level 15 in Unarmed Combat
 57119 | Depths:2 | Reached skill level 15 in Spellcasting
 57915 | Depths:2 | Noticed a juggernaut
 58200 | Depths:2 | Reached XP level 24. HP: 182/189 MP: 38/42
 58308 | Depths:2 | Killed a juggernaut
 59015 | Depths:3 | Noticed Mennas
 59051 | Depths:3 | Killed Mennas
 59101 | Depths:3 | Found a runed gate.
 59101 | Depths:3 | Found a runed gate.
 59101 | Depths:3 | Found a runed gate.
 59101 | Depths:3 | Found a viscous altar of Jiyva.
 59101 | Depths:3 | Noticed Zaoruz's ghost (adept DDFi)
 59354 | Depths:3 | Found a one-way gate leading to the halls of Pandemonium.
 59560 | Depths:3 | Identified the amulet of Ximash {RegenMP +Fly rF- Str+3}
                  | (You took it off a spriggan defender on level 3 of the
                  | Depths)
 59776 | Depths:3 | Found a burning altar of Makhleb.
 60432 | Depths:4 | Noticed Margery
 60459 | Depths:4 | Killed Margery
 60472 | Depths:4 | Reached XP level 25. HP: 153/197 MP: 26/42
 60794 | Depths:4 | Found a one-way gate to the infinite horrors of the Abyss.
 61219 | Depths:4 | Found the +3 crown of Dyrovepreva {rElec Int+2 SInv}
 61318 | Depths:5 | Entered Level 5 of the Depths
 61568 | Depths:5 | Noticed Sojobo
 61589 | Depths:5 | Found a gateway to a ziggurat.
 61598 | Depths:5 | Killed Sojobo
 62298 | Depths:5 | Found a gate to the Realm of Zot.
 62680 | Depths:3 | Noticed a juggernaut
 62703 | Depths:3 | Killed a juggernaut
 63337 | Depths:3 | Killed Zaoruz's ghost
 63481 | Depths:3 | Got a twisted cloak
 63494 | Depths:3 | Identified the +2 cloak "Faty" {MR+ Str+3} (You found it on
                  | level 3 of the Depths)
 63580 | Depths:2 | Got a dazzling hunting sling
 63690 | Depths:3 | Identified the cursed +2 hunting sling of Hacking and
                  | Slashing {velocity, rC+ MR+ Str+2 Stlth-} (You took it off
                  | a spriggan defender on level 2 of the Depths)
 63887 | Lair:1   | Bought the cursed +1 chain mail "Amnem" {rC+ rCorr Dex+3
                  | SInv} for 622 gold pieces
 64251 | Vaults:5 | Entered Level 5 of the Vaults
 64387 | Vaults:5 | Reached XP level 26. HP: 206/206 MP: 43/43
 64635 | Vaults:5 | Got a silver rune of Zot
 66714 | Lair:1   | Bought a scroll of identify for 30 gold pieces
 66714 | Lair:1   | Bought a scroll of enchant armour for 112 gold pieces
 66714 | Lair:1   | Bought a scroll of teleportation for 45 gold pieces
 66714 | Lair:1   | Bought a scroll of identify for 30 gold pieces
 66714 | Lair:1   | Bought a scroll of identify for 30 gold pieces
 66714 | Lair:1   | Bought a scroll of enchant weapon for 112 gold pieces
 66714 | Lair:1   | Bought a scroll of torment for 112 gold pieces
 66714 | Lair:1   | Bought a scroll of identify for 30 gold pieces
 66714 | Lair:1   | Bought a scroll of enchant weapon for 112 gold pieces
 66714 | Lair:1   | Bought a scroll of blinking for 112 gold pieces
 66829 | Orc:2    | Bought a book of Transfigurations for 770 gold pieces
 66829 | Orc:2    | Bought a book of Minor Magic for 280 gold pieces
 66829 | Orc:2    | Bought Byst's Grimoire of Unstable Ignition for 1085 gold
                  | pieces
 66831 | Orc:2    | Bought a potion of curing for 42 gold pieces
 66831 | Orc:2    | Bought a potion of invisibility for 112 gold pieces
 66831 | Orc:2    | Bought a potion of might for 56 gold pieces
 66831 | Orc:2    | Bought a potion of curing for 42 gold pieces
 66831 | Orc:2    | Bought a potion of haste for 140 gold pieces
 66831 | Orc:2    | Bought a potion of invisibility for 112 gold pieces
 66831 | Orc:2    | Bought a potion of mutation for 112 gold pieces
 67038 | D:6      | Bought a scorched battleaxe for 287 gold pieces
 67038 | D:6      | Bought a shimmering hand crossbow for 212 gold pieces
 67168 | Lair:1   | Identified the +9 hand crossbow of Uncomfortable Rashes
                  | {velocity, rElec rF- Dex+6 Stlth+} (You bought it in a shop
                  | on level 6 of the Dungeon)
 67169 | Lair:1   | Identified the +3 battleaxe of Kedeidan {pain, Dex+2} (You
                  | bought it in a shop on level 6 of the Dungeon)
 67179 | Lair:1   | Learned a level 6 spell: Statue Form
 67182 | Lair:1   | Learned a level 2 spell: Passwall
 67186 | Lair:1   | Learned a level 3 spell: Portal Projectile
 67375 | Crypt:1  | Entered Level 1 of the Crypt
 67617 | Crypt:1  | Noticed Khufu
 67627 | Crypt:1  | Noticed a greater mummy
 67642 | Crypt:1  | Killed Khufu
 67652 | Crypt:1  | Killed a greater mummy
 67661 | Crypt:1  | Reached XP level 27. HP: 87/214 MP: 35/43
 68066 | Crypt:1  | Found a runed door.
 68332 | Crypt:1  | Noticed Falatt's ghost (master MiMo)
 68394 | Crypt:1  | Killed Falatt's ghost
 68512 | Crypt:2  | Found a runed gate.
 68515 | Crypt:2  | Found a runed gate.
 68516 | Crypt:2  | Found a runed gate.
 68686 | Crypt:2  | Noticed Donald
 68698 | Crypt:2  | Killed Donald
 69042 | Crypt:2  | Noticed Xogg's ghost (master MiMo)
 69189 | Crypt:2  | Killed Xogg's ghost
 69265 | Crypt:3  | Entered Level 3 of the Crypt
 69938 | Crypt:3  | Found a staircase to the Tomb.
 70378 | Crypt:3  | Got a scintillating steel amulet
 70378 | Crypt:3  | Got a warped jade ring
 70384 | Crypt:3  | Identified the ring of Xemn {rC++ rN+} (You found it on
                  | level 3 of the Crypt)
 70385 | Crypt:3  | Identified the amulet "Naogior" {Regen+ Stlth+} (You found
                  | it on level 3 of the Crypt)
 70386 | Crypt:3  | Identified the ring "Xowih" {rN+ MR+ Int+5} (You found it
                  | on level 3 of the Crypt)
 70812 | Crypt:3  | Got a crude bronze ring
 70825 | Crypt:3  | Got a faintly glowing brass ring
 70833 | Crypt:3  | Identified the ring "Fulekk" {rElec Dex+7 Slay-4 SInv
                  | Stlth+} (You found it on level 3 of the Crypt)
 70834 | Crypt:3  | Identified the ring "Hearros" {rF+ Int+4 Stlth+} (You found
                  | it on level 3 of the Crypt)
 71308 | Slime:1  | Entered Level 1 of the Pits of Slime
 71363 | Slime:3  | Reached skill level 15 in Conjurations
 71363 | Slime:3  | Reached skill level 15 in Hexes
 71363 | Slime:3  | Reached skill level 15 in Charms
 71363 | Slime:3  | Reached skill level 15 in Summonings
 71363 | Slime:3  | Reached skill level 15 in Necromancy
 71363 | Slime:3  | Reached skill level 15 in Translocations
 71363 | Slime:3  | Reached skill level 15 in Transmutations
 71363 | Slime:3  | Reached skill level 15 in Fire Magic
 71363 | Slime:3  | Reached skill level 15 in Ice Magic
 71363 | Slime:3  | Reached skill level 15 in Air Magic
 71363 | Slime:3  | Reached skill level 15 in Earth Magic
 71363 | Slime:3  | Reached skill level 15 in Poison Magic
 71466 | Slime:5  | Entered Level 5 of the Pits of Slime
 71801 | Slime:5  | Noticed the Royal Jelly
 71818 | Slime:5  | Found a viscous altar of Jiyva.
 71830 | Slime:5  | Found the +8 glaive of the Guard {elec, +Rage AC+5 SInv}
 71951 | Slime:5  | Killed the Royal Jelly
 72010 | Slime:5  | Got a pitted turquoise ring
 72051 | Slime:5  | Got a slimy rune of Zot
 72067 | Slime:5  | Got a clouded garnet amulet
 72075 | Slime:5  | Identified the Reference Book on Summoning
 72090 | Slime:5  | Identified the ring "Halaik" {rCorr rElec rPois rN+++
                  | Dex-4} (You found it on level 5 of the Pits of Slime)
 72091 | Slime:5  | Identified the amulet of Juamuq {Faith Dex+4} (You found it
                  | on level 5 of the Pits of Slime)
 72120 | Slime:5  | Identified the +2 battleaxe of Fuuleiqesm {flame, rF++}
                  | (You found it on level 5 of the Pits of Slime)
 72563 | Snake:2  | Bought a wand of iceblast (7) for 132 gold pieces
 72563 | Snake:2  | Bought a wand of clouds (4) for 288 gold pieces
 72563 | Snake:2  | Bought a wand of iceblast (13) for 204 gold pieces
 72563 | Snake:2  | Bought a wand of digging (16) for 480 gold pieces
 72563 | Snake:2  | Bought a sack of spiders for 240 gold pieces
 72819 | D:13     | Bought a scroll of blinking for 210 gold pieces
 72819 | D:13     | Bought a scroll of identify for 56 gold pieces
 72819 | D:13     | Bought a scroll of enchant armour for 210 gold pieces
 72819 | D:13     | Bought a jewelled plate armour for 784 gold pieces
 72819 | D:13     | Identified the +3 plate armour of Recklessness {rElec
                  | Str+3} (You bought it in a shop on level 13 of the Dungeon)
 72924 | Lair:1   | Learned a level 6 spell: Shadow Creatures
 72932 | Lair:1   | Learned a level 7 spell: Haunt
 73175 | Zot:1    | Entered Level 1 of the Realm of Zot
 75048 | Zot:2    | Found a runed door.
 75053 | Zot:2    | Noticed Nebukadnezar's ghost (legendary GnBe)
 75177 | Zot:2    | Got a shimmering iron amulet
 75178 | Zot:2    | Identified the amulet of Zaihuen {rPois Regen+ Int-5 SInv
                  | Stlth+} (You found it on level 2 of the Realm of Zot)
 75601 | Zot:3    | Noticed an orb of fire
 75632 | Zot:3    | Killed an orb of fire
 77411 | Zot:5    | Entered Level 5 of the Realm of Zot
 77621 | Zot:5    | Noticed an ancient lich
 77637 | Zot:5    | Killed an ancient lich
 77728 | Zot:5    | Noticed an ancient lich
 77738 | Zot:5    | Killed an ancient lich
 77946 | Zot:5    | Noticed an ancient lich
 77959 | Zot:5    | Killed an ancient lich
 77987 | Zot:5    | Noticed an ancient lich
 77998 | Zot:5    | Killed an ancient lich
 78110 | Zot:5    | Noticed an ancient lich
 78123 | Zot:5    | Killed an ancient lich
 78381 | Zot:5    | Noticed an ancient lich
 78382 | Zot:5    | Noticed an ancient lich
 78397 | Zot:5    | Killed an ancient lich
 78416 | Zot:5    | Killed an ancient lich
 79176 | Zot:5    | Noticed an orb of fire
 79188 | Zot:5    | Killed an orb of fire
 79308 | Zot:5    | Noticed an orb of fire
 79310 | Zot:5    | Noticed an orb of fire
 80147 | Hell     | Entered the Vestibule of Hell
 80201 | Hell     | Noticed Geryon
 80223 | Hell     | Killed Geryon
 80281 | Hell     | Found a gateway to the Iron City of Dis.
 80515 | Hell     | Found a gateway to the ashen valley of Gehenna.
 80670 | Hell     | Found a gateway to the decaying netherworld of Tartarus.
 80845 | Hell     | Found a gateway to the freezing wastes of Cocytus.
 81782 | Lair:1   | Bought a scarf of resistance for 544 gold pieces
 82047 | Depths:4 | Voluntarily entered the Abyss.
 83567 | Abyss:3  | Found a corrupted altar of Lugonu.
 84301 | Abyss:3  | // rune ?
 84351 | Abyss:3  | Got an abyssal rune of Zot
 84352 | Abyss:3  | // tp by aby to rune :)
 84678 | Depths:4 | Escaped the Abyss
 84788 | Depths:5 | // zigg for book
 84835 | Hell     | Learned a level 8 spell: Ignition
 84844 | Hell     | Learned a level 8 spell: Infestation
 84883 | Zig:1    | Entered Level 1 of a ziggurat
 84912 | Zig:2    | Entered Level 2 of a ziggurat
 84942 | Zig:3    | Entered Level 3 of a ziggurat
 84992 | Zig:4    | Entered Level 4 of a ziggurat
 85030 | Zig:5    | Entered Level 5 of a ziggurat
 85097 | Zig:5    | Identified the +2 scale mail of Compression {rCorr Str-2
                  | Int+4 Stlth+} (You found it on level 5 of a ziggurat)
 85102 | Zig:6    | Entered Level 6 of a ziggurat
 85165 | Zig:6    | Identified the Catalogue of the Toxic Glacier
 85282 | Zig:7    | Entered Level 7 of a ziggurat
 85288 | Zig:7    | Noticed a juggernaut
 85289 | Zig:7    | Found the +4 dagger "Morg" {pain, MR+ Int+5}
 85289 | Zig:7    | Noticed a juggernaut
 85304 | Zig:7    | Killed a juggernaut
 85312 | Zig:7    | Killed a juggernaut
 85361 | Zig:7    | Identified the +9 morningstar "Teixeq" {flame, rElec Str+3}
                  | (You found it on level 7 of a ziggurat)
 85366 | Zig:8    | Entered Level 8 of a ziggurat
 85375 | Zig:8    | Found the +10 morningstar "Eos" {elec, Halo rElec}
 85376 | Zig:8    | Found the +3 Elemental Staff {rElec rF++ rC++ MR++ AC+5}
 85480 | Zig:9    | Entered Level 9 of a ziggurat
 85486 | Zig:9    | Noticed a greater mummy
 85493 | Zig:9    | Found the +6 shillelagh "Devastator" {shatter}
 85498 | Zig:9    | Killed a greater mummy
 85665 | Zig:10   | Entered Level 10 of a ziggurat
 85800 | Zig:10   | Learned a level 1 spell: Apportation
 85875 | Zig:11   | Entered Level 11 of a ziggurat
 86017 | Zig:12   | Entered Level 12 of a ziggurat
 86139 | Zig:12   | Identified the Compendium of Earthen Combat Magic
 86154 | Zig:12   | Identified the ring of Veolel {rF+ Str+5} (You found it on
                  | level 12 of a ziggurat)
 86216 | Zig:13   | Entered Level 13 of a ziggurat
 86228 | Zig:13   | Noticed Hicik the pandemonium lord
 86228 | Zig:13   | Noticed Foafeug the pandemonium lord
 86240 | Zig:13   | Killed Foafeug the pandemonium lord
 86252 | Zig:13   | Killed Hicik the pandemonium lord
 86379 | Zig:13   | Identified the Grimoire of Assistive Heat
 86387 | Zig:13   | Identified the amulet "Omipov" {+Rage rPois SInv} (You
                  | found it on level 13 of a ziggurat)
 86391 | Zig:14   | Entered Level 14 of a ziggurat
 86639 | Zig:15   | Entered Level 15 of a ziggurat
 86656 | Zig:15   | Found the +7 lajatang of Order {silver, rMut}
 86798 | Zig:15   | Identified the cursed ring "Ichadai" {*Contam Int+4 Dex-2}
                  | (You found it on level 15 of a ziggurat)
 86814 | Zig:16   | Entered Level 16 of a ziggurat
 86831 | Zig:16   | Found the +9 heavy crossbow "Sniper" {velocity, Acc+∞ SInv}
 87044 | Zig:16   | Identified the Catalogue of Black Rituals
 87048 | Zig:16   | Identified the amulet "Biblirch" {Faith rElec rPois Int-5
                  | Stlth-} (You found it on level 16 of a ziggurat)
 87070 | Zig:16   | Learned a level 5 spell: Aura of Abjuration
 87281 | Zot:2    | Killed Nebukadnezar's ghost
 87420 | Hell     | Learned a level 2 spell: Passwall
 87427 | Hell     | Learned a level 6 spell: Deflect Missiles
 87567 | Pan      | Entered Pandemonium
 87578 | Pan      | Noticed Ruvoe the pandemonium lord
 87686 | Pan      | Killed Ruvoe the pandemonium lord
 88155 | Pan      | Got a demonic rune of Zot
 88279 | Pan      | Entered the realm of Mnoleg.
 88585 | Pan      | Gained mutation: You are clumsy. (Dex -2) [a neqoxec]
 89249 | Pan      | Noticed Mnoleg
 89264 | Pan      | Killed Mnoleg
 89279 | Pan      | Got a glowing rune of Zot
 89350 | Pan      | Found an exit through the horrors of the Abyss.
 89404 | Pan      | Found an exit through the horrors of the Abyss.
 89420 | Pan      | Noticed Etyril the pandemonium lord
 89439 | Pan      | Entered the realm of Cerebov.
 90287 | Pan      | Got a sparkling graven amulet
 90451 | Pan      | Identified the amulet "Ynylium" {Inacc rElec rF+++ rC-
                  | Str-4} (You found it in Pandemonium)
 90453 | Pan      | Identified the cursed ring "Imi Udylelukk" {*Slow AC-2
                  | Str+2 SInv} (You took it off a red devil in Pandemonium)
 90454 | Pan      | Identified the +3 scale mail of Proximity {*Slow +Fly rElec
                  | rF+++} (You took it off a red devil in Pandemonium)
 90663 | Pan      | Noticed Cerebov
 90701 | Pan      | Killed Cerebov
 90770 | Pan      | Got a serpentine brass amulet
 90773 | Pan      | Identified the amulet of Xesk {RegenMP Int+7} (You found it
                  | in Pandemonium)
 90806 | Pan      | Got a fiery rune of Zot
 91201 | Pan      | Found an exit through the horrors of the Abyss.
 91454 | Depths:3 | Escaped Pandemonium
 91457 | Pan      | Entered Pandemonium
 91626 | Pan      | Found an exit through the horrors of the Abyss.
 91684 | Pan      | Entered the realm of Lom Lobon.
 91914 | Pan      | Found an exit through the horrors of the Abyss.
 92904 | Pan      | Noticed Lom Lobon
 92918 | Pan      | Killed Lom Lobon
 92935 | Pan      | Got a magical rune of Zot
 93081 | Pan      | Entered the realm of Gloorx Vloq.
 94059 | Pan      | Noticed Gloorx Vloq
 94169 | Pan      | Killed Gloorx Vloq
 94180 | Pan      | Got a dark rune of Zot
 94286 | Pan      | Noticed Jaepp the pandemonium lord
 95051 | Pan      | Found an exit through the horrors of the Abyss.
 95057 | Pan      | Took an exit into the Abyss.
 95057 | Abyss:1  | Escaped into the Abyss
 95516 | Depths:3 | Escaped the Abyss
 95803 | Tomb:1   | Entered Level 1 of the Tomb of the Ancients
 96261 | Tomb:1   | Noticed a greater mummy
 96277 | Tomb:1   | Killed a greater mummy
 96502 | Tomb:1   | Identified the +3 chain mail of Elitism {rElec Regen+
                  | Dex+3} (You found it on level 1 of the Tomb of the
                  | Ancients)
 97018 | Hell     | Learned a level 9 spell: Shatter
 97264 | Tomb:1   | Noticed a greater mummy
 97272 | Tomb:1   | Killed a greater mummy
 97291 | Tomb:1   | Noticed a greater mummy
 97301 | Tomb:1   | Killed a greater mummy
 97302 | Tomb:1   | Noticed a greater mummy
 97310 | Tomb:1   | Killed a greater mummy
 97318 | Tomb:1   | Noticed a greater mummy
 97326 | Tomb:1   | Killed a greater mummy
 97326 | Tomb:1   | Noticed a greater mummy
 97330 | Tomb:1   | Killed a greater mummy
 97540 | Tomb:1   | Noticed a greater mummy
 97550 | Tomb:1   | Killed a greater mummy
 97550 | Tomb:1   | Noticed a greater mummy
 97555 | Tomb:1   | Killed a greater mummy
 97555 | Tomb:1   | Noticed a greater mummy
 97559 | Tomb:1   | Killed a greater mummy
 97585 | Tomb:1   | Noticed a greater mummy
 97598 | Tomb:1   | Killed a greater mummy
 97619 | Tomb:1   | Noticed a greater mummy
 97619 | Tomb:1   | Noticed a greater mummy
 97630 | Tomb:1   | Killed a greater mummy
 97634 | Tomb:1   | Killed a greater mummy
 97668 | Tomb:1   | Noticed a greater mummy
 97685 | Tomb:1   | Killed a greater mummy
 97747 | Tomb:1   | Noticed a greater mummy
 97768 | Tomb:1   | Killed a greater mummy
 97781 | Tomb:1   | Noticed a greater mummy
 97786 | Tomb:1   | Killed a greater mummy
 97787 | Tomb:1   | Noticed a greater mummy
 97792 | Tomb:1   | Killed a greater mummy
 98076 | Tomb:3   | Entered Level 3 of the Tomb of the Ancients
 98106 | Tomb:3   | Noticed a greater mummy
 98111 | Tomb:3   | Noticed a greater mummy
 98111 | Tomb:3   | Noticed a greater mummy
 98112 | Tomb:3   | Noticed a greater mummy
 98112 | Tomb:3   | Noticed a greater mummy
 98113 | Tomb:3   | Killed a greater mummy
 98113 | Tomb:3   | Killed a greater mummy
 98115 | Tomb:3   | Killed a greater mummy
 98115 | Tomb:3   | Noticed a greater mummy
 98116 | Tomb:3   | Killed a greater mummy
 98118 | Tomb:3   | Killed a greater mummy
 98118 | Tomb:3   | Noticed a greater mummy
 98120 | Tomb:3   | Killed a greater mummy
 98122 | Tomb:3   | Noticed an ancient lich
 98123 | Tomb:3   | Killed a greater mummy
 98126 | Tomb:3   | Killed an ancient lich
 98135 | Tomb:3   | Noticed a greater mummy
 98137 | Tomb:3   | Killed a greater mummy
 98168 | Tomb:3   | Got a golden rune of Zot
 98236 | Tomb:3   | Found the +3 warlock's mirror {reflect}
 98680 | Tomb:3   | Got a flickering ruby amulet
 98692 | Tomb:3   | Identified Jacsaz's Almanac of Slavery
 98724 | Tomb:3   | Identified the amulet of Untruth {RegenMP rPois Int-2
                  | Dex+4} (You found it on level 3 of the Tomb of the
                  | Ancients)
 98725 | Tomb:3   | Identified the +6 scale mail of Kikubaaqudgha's Regard
                  | {rF++ MP-9} (You found it on level 3 of the Tomb of the
                  | Ancients)
 99098 | Geh:1    | Entered Level 1 of Gehenna
100153 | Geh:7    | Entered Level 7 of Gehenna
100229 | Geh:7    | Noticed the Serpent of Hell
100238 | Geh:7    | Killed the Serpent of Hell
100414 | Geh:7    | Found the amulet of the Four Winds {rN+ MR+++ Clar}
100419 | Geh:7    | Found the ring of Shadows {Umbra +Inv Stlth+}
100680 | Geh:7    | Noticed Asmodeus
100704 | Geh:7    | Killed Asmodeus
100704 | Geh:7    | Reached skill level 27 in Axes
100709 | Geh:7    | Got an obsidian rune of Zot
100989 | Coc:1    | Entered Level 1 of Cocytus
101827 | Coc:7    | Entered Level 7 of Cocytus
103072 | Coc:7    | Noticed Antaeus
103115 | Coc:7    | Killed Antaeus
103150 | Coc:7    | Identified the cursed +1 scale mail of Idar Nev {Str+4}
                  | (You found it on level 7 of Cocytus)
103151 | Coc:7    | Got an icy rune of Zot
103249 | Tar:1    | Entered Level 1 of Tartarus
103305 | Tar:1    | Lost mutation: Your flesh is heat resistant. (rF+)
                  | [mutagenic glow]
103529 | Tar:7    | Entered Level 7 of Tartarus
103559 | Tar:7    | Noticed an ancient lich
103572 | Tar:7    | Killed an ancient lich
103860 | Tar:7    | Reached skill level 27 in Throwing
103974 | Tar:7    | Noticed an ancient lich
103981 | Tar:7    | Killed an ancient lich
104217 | Tar:7    | Identified the Tome of Unholy Secrets
104223 | Tar:7    | Identified the +8 executioner's axe of the Fray {pain,
                  | rPois} (You found it on level 7 of Tartarus)
104274 | Tar:7    | Got a bone rune of Zot
104349 | Dis:1    | Entered Level 1 of the Iron City of Dis
104538 | Dis:7    | Entered Level 7 of the Iron City of Dis
105059 | Dis:7    | Got an ancient steel ring
105190 | Dis:7    | Got a slimy marble ring
105193 | Dis:7    | Identified the ring of Tempters {Str+4 Int-2 Dex+7} (You
                  | found it on level 7 of the Iron City of Dis)
105194 | Dis:7    | Identified the ring of Temptation {+Fly rF+ Int-4 Dex+7}
                  | (You found it on level 7 of the Iron City of Dis)
105195 | Dis:7    | Identified the ring of Toilil {rF+ MR+++ EV+3 Dex-2} (You
                  | found it on level 7 of the Iron City of Dis)
105542 | Dis:7    | Noticed Dispater
105558 | Dis:7    | Gained mutation: You are occasionally teleported next to
                  | monsters. [a cacodemon]
105559 | Dis:7    | Gained mutation: You tend to lose your temper in combat. [a
                  | cacodemon]
105573 | Dis:7    | Killed Dispater
105594 | Dis:7    | Identified the Guide on Supportive Air
105597 | Dis:7    | Got an iron rune of Zot
105654 | Hell     | Lost mutation: You are occasionally teleported next to
                  | monsters. [potion of mutation]
105654 | Hell     | Lost mutation: You are partially covered in large bone
                  | plates. (SH +4) [potion of mutation]
105654 | Hell     | Lost mutation: You are clumsy. (Dex -2) [potion of
                  | mutation]
105654 | Hell     | Gained mutation: Your body sometimes deteriorates upon
                  | taking damage. [potion of mutation]
105654 | Hell     | Gained mutation: Your muscles are strong. (Str +2) [potion
                  | of mutation]
105655 | Hell     | Lost mutation: Your body sometimes deteriorates upon taking
                  | damage. [potion of mutation]
105655 | Hell     | Lost mutation: You tend to lose your temper in combat.
                  | [potion of mutation]
105655 | Hell     | Lost mutation: Your muscles are strong. (Str +2) [potion of
                  | mutation]
105655 | Hell     | Gained mutation: You are partially covered in large bone
                  | plates. (SH +4) [potion of mutation]
105655 | Hell     | Gained mutation: Your flesh is cold resistant. (rC+)
                  | [potion of mutation]
105905 | Zot:5    | Got the Orb of Zot
105983 | Zot:3    | Noticed Ysobel the pandemonium lord
106464 | D:$      | Escaped with the Orb!

Skill      XL: |  1  2  3  4  5  6  7  8  9 10 11 12 13 14 15 16 17 18 19 20 21 22 23 24 25 26 27 |
---------------+----------------------------------------------------------------------------------+-----
Invocations    | 1 2 3 4 5 6 7 8 9 10 11 12 13 14 15 16 17 18 24 | 24.8
Long Blades    | 1 2 3 4 5 6 7 8 9 10 11 12 13 14 15 16 23 | 23.2
Axes           | 1 2 3 4 5 6 7 8 9 10 11 12 13 14 15 16 17 18 19 20 27 | 27.0
Maces & Flails | 1 2 3 4 5 6 7 8 9 10 11 12 13 14 15 16 23 | 23.2
Polearms       | 1 2 3 4 5 6 7 8 9 10 11 12 13 14 15 16 23 | 23.2
Staves         | 1 2 3 4 5 6 7 8 9 10 11 12 13 14 15 16 23 | 23.2
Slings         | 1 2 3 4 5 6 7 8 9 10 11 12 13 14 15 16 23 | 23.2
Bows           | 1 2 3 4 5 6 7 8 9 10 11 12 13 14 15 16 23 | 23.2
Crossbows      | 1 2 3 4 5 6 7 8 9 10 11 12 13 14 15 16 23 | 23.2
Throwing       | 1 2 3 4 5 6 7 8 9 10 11 12 13 14 15 16 17 27 | 27.0
Armour         | 1 2 3 4 5 6 7 8 9 10 11 12 13 14 15 16 23 | 23.2
Shields        | 1 2 3 4 5 6 7 8 9 10 11 12 13 14 15 16 25 | 25.6
Unarmed Combat | 1 2 3 4 5 6 7 8 9 10 11 12 13 14 15 16 23 | 23.2
Spellcasting   | 1 2 3 4 5 6 7 8 9 10 11 12 13 14 15 16 23 | 23.2
Conjurations   | 1 2 3 4 5 6 7 8 9 10 11 12 13 14 20 | 20.2
Hexes          | 1 2 3 4 5 6 7 8 9 10 11 12 13 14 20 | 20.2
Charms         | 1 2 3 4 5 6 7 8 9 10 11 12 13 14 20 | 20.2
Summonings     | 1 2 3 4 5 6 7 8 9 10 11 12 13 14 20 | 20.2
Necromancy     | 1 2 3 4 5 6 7 8 9 10 11 12 13 14 20 | 20.2
Translocations | 1 2 3 4 5 6 7 8 9 10 11 12 13 14 20 | 20.2
Transmutations | 1 2 3 4 5 6 7 8 9 10 11 12 13 14 20 | 20.2
Fire Magic     | 1 2 3 4 5 6 7 8 9 10 11 12 13 14 20 | 20.2
Ice Magic      | 1 2 3 4 5 6 7 8 9 10 11 12 13 14 20 | 20.2
Air Magic      | 1 2 3 4 5 6 7 8 9 10 11 12 13 14 20 | 20.2
Earth Magic    | 1 2 3 4 5 6 7 8 9 10 11 12 13 14 20 | 20.2
Poison Magic   | 1 2 3 4 5 6 7 8 9 10 11 12 13 14 20 | 20.2
Fighting       | 3 4 5 6 7 8 9 10 11 12 13 14 15 16 17 23 | 23.3
Short Blades   | 3 4 5 6 7 8 9 10 11 12 13 14 15 16 17 23 | 23.3
Stealth        | 3 4 5 6 7 8 9 10 11 12 13 14 15 16 17 23 | 23.3
Dodging        | 5 6 7 8 9 10 11 12 13 14 15 16 17 23 | 23.4
Evocations     | 7 8 9 10 11 12 13 14 15 16 17 23 | 23.7

Action                   |  1- 3 |  4- 6 |  7- 9 | 10-12 | 13-15 | 16-18 | 19-21 | 22-24 | 25-27 || total
-------------------------+-------+-------+-------+-------+-------+-------+-------+-------+-------++-------
Melee: Short sword       |   128 |    68 |    90 |   247 |   204 |       |       |       |       ||   737
       Bite              |    10 |     4 |    31 |    42 |    51 |   129 |   152 |   334 |  1486 ||  2239
       Trident           |       |       |   213 |     3 |       |       |       |       |       ||   216
       Punch             |       |       |     6 |     4 |       |       |       |       |       ||    10
       Flail             |       |       |    76 |    79 |       |       |       |       |       ||   155
       Morningstar       |       |       |    14 |    48 |    11 |    15 |       |       |       ||    88
       Great sword       |       |       |       |     5 |       |       |       |       |       ||     5
       Hand axe          |       |       |       |       |   136 |   408 |       |       |       ||   544
       Dagger            |       |       |       |       |    32 |    10 |       |       |       ||    42
       Rapier            |       |       |       |       |       |   569 |   346 |   745 |   196 ||  1856
       Scimitar          |       |       |       |       |       |       |    11 |       |       ||    11
       Demon whip        |       |       |       |       |       |       |   642 |   493 |       ||  1135
       Eudemon blade     |       |       |       |       |       |       |       |   418 |  4173 ||  4591
       Broad axe         |       |       |       |       |       |       |       |       |  2761 ||  2761
 Fire: Hunting sling     |       |       |       |   120 |       |       |       |       |       ||   120
       Fustibalus        |       |       |       |   172 |    14 |    65 |   381 |    58 |       ||   690
       Blowgun           |       |       |       |       |       |       |       |     1 |    30 ||    31
Throw: Stone             |    16 |     9 |    89 |       |       |       |       |       |       ||   114
       Javelin           |       |    11 |    52 |    30 |    69 |       |       |       |    86 ||   248
       Tomahawk          |       |       |    17 |    51 |   279 |   398 |    69 |    47 |    76 ||   937
 Cast: Summon Lightning  |       |       |       |    64 |    51 |    54 |    50 |    30 |    40 ||   289
       Call Canine Famil |       |       |       |     7 |     2 |       |     1 |       |       ||    10
       Call Imp          |       |       |       |     5 |       |       |       |       |       ||     5
       Sticky Flame      |       |       |       |    29 |    51 |    31 |     1 |       |       ||   112
       Conjure Flame     |       |       |       |     8 |    26 |    15 |     7 |       |       ||    56
       Summon Ice Beast  |       |       |       |     4 |     4 |     4 |     4 |       |       ||    16
       Poisonous Vapours |       |       |       |     2 |   148 |    33 |     1 |       |       ||   184
       Mephitic Cloud    |       |       |       |       |     8 |     6 |       |       |       ||    14
       Regeneration      |       |       |       |       |       |    31 |    14 |    17 |   109 ||   171
       Shroud of Golubri |       |       |       |       |       |    17 |    12 |     6 |    12 ||    47
       Spectral Weapon   |       |       |       |       |       |    54 |    10 |    12 |    25 ||   101
       Borgnjor's Vile C |       |       |       |       |       |     1 |    72 |    91 |   312 ||   476
       Passage of Golubr |       |       |       |       |       |       |       |       |    23 ||    23
       Blink             |       |       |       |       |       |       |       |       |     1 ||     1
       Statue Form       |       |       |       |       |       |       |       |       |    66 ||    66
       Apportation       |       |       |       |       |       |       |       |       |   375 ||   375
       Passwall          |       |       |       |       |       |       |       |       |    41 ||    41
       Ignition          |       |       |       |       |       |       |       |       |    31 ||    31
       Aura of Abjuratio |       |       |       |       |       |       |       |       |    29 ||    29
       Infestation       |       |       |       |       |       |       |       |       |    21 ||    21
       Portal Projectile |       |       |       |       |       |       |       |       |    19 ||    19
       Deflect Missiles  |       |       |       |       |       |       |       |       |    11 ||    11
       Shatter           |       |       |       |       |       |       |       |       |     8 ||     8
       Haunt             |       |       |       |       |       |       |       |       |     5 ||     5
       Shadow Creatures  |       |       |       |       |       |       |       |       |     3 ||     3
Invok: Call Merchant     |       |       |       |     2 |     1 |       |       |       |     2 ||     5
       Potion Petition   |       |       |       |       |       |       |       |       |    20 ||    20
       Bribe Branch      |       |       |       |       |       |       |       |       |     6 ||     6
 Abil: Evoke Invisibilit |       |       |       |       |       |       |     6 |     3 |    34 ||    43
       End Transformatio |       |       |       |       |       |       |       |       |    11 ||    11
Evoke: Wand              |     5 |    13 |    27 |    14 |    48 |    71 |    19 |    15 |    81 ||   293
       Fan of gales      |       |       |       |       |     1 |       |       |       |     1 ||     2
       Box of beasts     |       |       |       |       |     1 |       |       |       |     1 ||     2
       Lamp of fire      |       |       |       |       |       |     1 |     6 |     4 |     3 ||    14
       Lightning rod     |       |       |       |       |       |       |       |     4 |       ||     4
  Use: Scroll            |     6 |     6 |    11 |    13 |    10 |     8 |    13 |     7 |   103 ||   177
       Potion            |       |       |     2 |     1 |     2 |     2 |     1 |     1 |    51 ||    60
 Stab: Sleeping          |     3 |     1 |     8 |    11 |    15 |    19 |    29 |    35 |    84 ||   205
       Confused          |     1 |       |       |       |     1 |       |       |       |     7 ||     9
       Distracted        |       |     1 |       |    11 |     8 |    39 |    20 |    48 |   159 ||   286
       Paralysed         |       |       |       |     4 |    13 |     6 |     1 |     2 |    59 ||    85
       Invisible         |       |       |       |       |       |       |    10 |     9 |   105 ||   124
  Eat: Chunk             |     3 |     4 |    11 |       |       |       |       |       |       ||    18
       Ration            |       |       |     3 |    14 |    12 |    15 |    14 |    12 |    62 ||   132
Armor: Leather armour    |    19 |     7 |       |    89 |    39 |    12 |       |       |       ||   166
       Ring mail         |       |    20 |   141 |     1 |    23 |   166 |    77 |    18 |       ||   446
       Scale mail        |       |       |     9 |    12 |       |       |       |       |       ||    21
       Chain mail        |       |       |       |       |       |       |       |   169 |  1061 ||  1230
       Skin              |       |       |       |       |       |       |       |       |   305 ||   305
Dodge: Dodged            |    78 |    37 |   285 |   258 |   168 |   311 |   209 |   347 |  2975 ||  4668
       Deflected         |       |       |       |       |       |     1 |    32 |    20 |   114 ||   167
Block: Buckler           |       |       |       |    84 |   144 |    33 |       |       |       ||   261
       Reflection        |       |       |       |       |    17 |    47 |    76 |    26 |       ||   166
       Shield            |       |       |       |       |       |   582 |   448 |   893 |  6560 ||  8483
       Rpst.: Eudemon blade |       |       |       |       |       |       |       |    20 |   246 ||   266
